Workbook

Sheet 4月
A1: 令和７年度 時間帯別送電実績（３０分値）
A3: 7 | B3: 4月 | AF3: 単位：ｋｗｈ
A4: =SUM(B4:AF4) -> 6 | B4: =IF(B6="日",1,"") | C4: =IF(C6="日",1,"") | D4: =IF(D6="日",1,"") | E4: =IF(E6="日",1,"") | F4: =IF(F6="日",1,"") | G4: =IF(G6="日",1,"") -> 1 | H4: =IF(H6="日",1,"") | I4: =IF(I6="日",1,"") | ... AC4: =IF(AC6="日",1,"") | AD4: 1 | AE4: 1
A5: 日 時間帯 | B5: 45748 | C5: =B5+1 -> 45749 | D5: =C5+1 -> 45750 | E5: =D5+1 -> 45751 | F5: =E5+1 -> 45752 | G5: =F5+1 -> 45753 | H5: =G5+1 -> 45754 | I5: =H5+1 -> 45755 | J5: =I5+1 -> 45756 | ... AE5: =AD5+1 -> 45777
B6: =TEXT(B5,"aaa") -> 火 | C6: =TEXT(C5,"aaa") -> 水 | D6: =TEXT(D5,"aaa") -> 木 | E6: =TEXT(E5,"aaa") -> 金 | F6: =TEXT(F5,"aaa") -> 土 | G6: =TEXT(G5,"aaa") -> 日 | H6: =TEXT(H5,"aaa") -> 月 | I6: =TEXT(I5,"aaa") -> 火 | ... AE6: =TEXT(AE5,"aaa") -> 水
A7: 0：30 | B7: 966 | C7: 960 | D7: 960 | E7: 966 | F7: 966 | G7: 966 | H7: 978 | I7: 966 | J7: 954 | K7: 978 | L7: 978 | M7: 984 | N7: 978 | O7: 972 | P7: 942 | Q7: 942 | R7: 942 | S7: 948 | T7: 936 | U7: 942 | V7: 942 | W7: 948 | X7: 918 | Y7: 900 | Z7: 912 | AA7: 918 | AB7: 912 | AC7: 900 | AD7: 906 | AE7: 924
A8: 1：00 | B8: 966 | C8: 966 | D8: 972 | E8: 960 | F8: 972 | G8: 978 | H8: 978 | I8: 966 | J8: 960 | K8: 984 | L8: 978 | M8: 972 | N8: 978 | O8: 966 | P8: 936 | Q8: 948 | R8: 942 | S8: 942 | T8: 942 | U8: 936 | V8: 942 | W8: 954 | X8: 918 | Y8: 918 | Z8: 924 | AA8: 924 | AB8: 918 | AC8: 906 | AD8: 912 | AE8: 912
A9: 1：30 | B9: 960 | C9: 960 | D9: 972 | E9: 954 | F9: 966 | G9: 972 | H9: 972 | I9: 960 | J9: 954 | K9: 978 | L9: 972 | M9: 984 | N9: 984 | O9: 972 | P9: 942 | Q9: 954 | R9: 948 | S9: 942 | T9: 942 | U9: 936 | V9: 936 | W9: 948 | X9: 924 | Y9: 900 | Z9: 924 | AA9: 918 | AB9: 924 | AC9: 924 | AD9: 906 | AE9: 918
A10: 2：00 | B10: 966 | C10: 954 | D10: 978 | E10: 948 | F10: 966 | G10: 972 | H10: 972 | I10: 966 | J10: 960 | K10: 978 | L10: 978 | M10: 972 | N10: 978 | O10: 972 | P10: 936 | Q10: 960 | R10: 936 | S10: 948 | T10: 954 | U10: 930 | V10: 924 | W10: 948 | X10: 912 | Y10: 912 | Z10: 918 | AA10: 924 | AB10: 930 | AC10: 912 | AD10: 912 | AE10: 912
A11: 2：30 | B11: 942 | C11: 954 | D11: 960 | E11: 960 | F11: 966 | G11: 948 | H11: 960 | I11: 930 | J11: 930 | K11: 948 | L11: 936 | M11: 948 | N11: 948 | O11: 948 | P11: 942 | Q11: 948 | R11: 936 | S11: 936 | T11: 936 | U11: 912 | V11: 918 | W11: 942 | X11: 912 | Y11: 906 | Z11: 930 | AA11: 918 | AB11: 930 | AC11: 924 | AD11: 906 | AE11: 918
A12: 3：00 | B12: 948 | C12: 966 | D12: 960 | E12: 948 | F12: 954 | G12: 960 | H12: 954 | I12: 930 | J12: 936 | K12: 936 | L12: 930 | M12: 954 | N12: 942 | O12: 936 | P12: 948 | Q12: 942 | R12: 936 | S12: 942 | T12: 942 | U12: 930 | V12: 930 | W12: 942 | X12: 918 | Y12: 906 | Z12: 924 | AA12: 918 | AB12: 918 | AC12: 906 | AD12: 912 | AE12: 918
A13: 3：30 | B13: 960 | C13: 966 | D13: 966 | E13: 960 | F13: 960 | G13: 972 | H13: 972 | I13: 960 | J13: 960 | K13: 966 | L13: 972 | M13: 984 | N13: 990 | O13: 972 | P13: 942 | Q13: 954 | R13: 930 | S13: 936 | T13: 936 | U13: 936 | V13: 930 | W13: 960 | X13: 918 | Y13: 894 | Z13: 918 | AA13: 900 | AB13: 924 | AC13: 918 | AD13: 924 | AE13: 918
A14: 4：00 | B14: 960 | C14: 954 | D14: 966 | E14: 966 | F14: 966 | G14: 978 | H14: 978 | I14: 966 | J14: 960 | K14: 972 | L14: 978 | M14: 978 | N14: 978 | O14: 978 | P14: 948 | Q14: 954 | R14: 930 | S14: 942 | T14: 936 | U14: 936 | V14: 954 | W14: 948 | X14: 918 | Y14: 894 | Z14: 918 | AA14: 912 | AB14: 918 | AC14: 918 | AD14: 924 | AE14: 918
A15: 4：30 | B15: 966 | C15: 960 | D15: 966 | E15: 972 | F15: 972 | G15: 972 | H15: 978 | I15: 960 | J15: 954 | K15: 978 | L15: 984 | M15: 984 | N15: 990 | O15: 972 | P15: 942 | Q15: 948 | R15: 942 | S15: 942 | T15: 948 | U15: 942 | V15: 942 | W15: 942 | X15: 918 | Y15: 900 | Z15: 930 | AA15: 912 | AB15: 912 | AC15: 918 | AD15: 918 | AE15: 918
A16: 5：00 | B16: 972 | C16: 966 | D16: 966 | E16: 972 | F16: 972 | G16: 972 | H16: 978 | I16: 960 | J16: 972 | K16: 978 | L16: 966 | M16: 984 | N16: 984 | O16: 972 | P16: 948 | Q16: 954 | R16: 948 | S16: 948 | T16: 942 | U16: 948 | V16: 948 | W16: 954 | X16: 924 | Y16: 906 | Z16: 924 | AA16: 918 | AB16: 924 | AC16: 924 | AD16: 918 | AE16: 924
A17: 5：30 | B17: 960 | C17: 966 | D17: 966 | E17: 960 | F17: 978 | G17: 978 | H17: 978 | I17: 966 | J17: 954 | K17: 978 | L17: 972 | M17: 984 | N17: 984 | O17: 972 | P17: 942 | Q17: 948 | R17: 936 | S17: 942 | T17: 948 | U17: 942 | V17: 942 | W17: 954 | X17: 918 | Y17: 900 | Z17: 924 | AA17: 918 | AB17: 930 | AC17: 918 | AD17: 924 | AE17: 918
A18: 6：00 | B18: 972 | C18: 966 | D18: 972 | E18: 966 | F18: 972 | G18: 972 | H18: 972 | I18: 966 | J18: 972 | K18: 966 | L18: 978 | M18: 984 | N18: 984 | O18: 972 | P18: 936 | Q18: 948 | R18: 948 | S18: 942 | T18: 954 | U18: 942 | V18: 948 | W18: 948 | X18: 918 | Y18: 900 | Z18: 924 | AA18: 924 | AB18: 924 | AC18: 918 | AD18: 918 | AE18: 918
... A52: 23：00 | B52: 966 | C52: 966 | D52: 954 | E52: 966 | F52: 984 | G52: 978 | H52: 966 | I52: 954 | J52: 978 | K52: 984 | L52: 984 | M52: 978 | N52: 972 | O52: 948 | P52: 966 | Q52: 936 | R52: 936 | S52: 948 | T52: 936 | U52: 930 | V52: 948 | W52: 912 | X52: 900 | Y52: 924 | Z52: 912 | AA52: 906 | AB52: 912 | AC52: 906 | AD52: 918 | AE52: 906
A53: 23：30 | B53: 954 | C53: 966 | D53: 954 | E53: 966 | F53: 978 | G53: 972 | H53: 966 | I53: 954 | J53: 978 | K53: 978 | L53: 990 | M53: 990 | N53: 972 | O53: 942 | P53: 960 | Q53: 936 | R53: 942 | S53: 942 | T53: 936 | U53: 930 | V53: 948 | W53: 912 | X53: 906 | Y53: 924 | Z53: 918 | AA53: 912 | AB53: 912 | AC53: 912 | AD53: 924 | AE53: 906 | AG53: =CONCATENATE(B3,"合計") -> 4月合計
A54: 24：00 | B54: 954 | C54: 966 | D54: 960 | E54: 966 | F54: 978 | G54: 978 | H54: 972 | I54: 960 | J54: 966 | K54: 984 | L54: 984 | M54: 972 | N54: 972 | O54: 942 | P54: 954 | Q54: 936 | R54: 948 | S54: 948 | T54: 924 | U54: 924 | V54: 942 | W54: 918 | X54: 906 | Y54: 930 | Z54: 918 | AA54: 918 | AB54: 912 | AC54: 912 | AD54: 930 | AE54: 906
A55: 計 | B55: =SUM(B7:B54) -> 45918 | C55: =SUM(C7:C54) -> 45882 | D55: =SUM(D7:D54) -> 45984 | E55: =SUM(E7:E54) -> 46146 | F55: =SUM(F7:F54) -> 46308 | G55: =SUM(G7:G54) -> 46452 | H55: =SUM(H7:H54) -> 46146 | I55: =SUM(I7:I54) -> 45738 | ... AE55: =SUM(AE7:AE54) -> 43662 | AG55: =SUM(B55:AE55) -> 1352532
A56: 平日昼間（その他季） | B56: =IF(B4="",SUM(B23:B50),0) -> 26676 | C56: =IF(C4="",SUM(C23:C50),0) -> 26628 | D56: =IF(D4="",SUM(D23:D50),0) -> 26670 | E56: =IF(E4="",SUM(E23:E50),0) -> 26886 | F56: =IF(F4="",SUM(F23:F50),0) -> 26904 | G56: =IF(G4="",SUM(G23:G50),0) -> 0 | H56: =IF(H4="",SUM(H23:H50),0) -> 26718 | I56: =IF(I4="",SUM(I23:I50),0) -> 26556 | ... AE56: =IF(AE4="",SUM(AE23:AE50),0) -> 0 | AG56: =SUM(B56:AE56) -> 626796
A57: 夜間及び休日 | B57: =IF(B4="",SUM(B7:B22,B51:B54),SUM(B7:B54)) -> 19242 | C57: =IF(C4="",SUM(C7:C22,C51:C54),SUM(C7:C54)) -> 19254 | D57: =IF(D4="",SUM(D7:D22,D51:D54),SUM(D7:D54)) -> 19314 | E57: =IF(E4="",SUM(E7:E22,E51:E54),SUM(E7:E54)) -> 19260 | F57: =IF(F4="",SUM(F7:F22,F51:F54),SUM(F7:F54)) -> 19404 | G57: =IF(G4="",SUM(G7:G22,G51:G54),SUM(G7:G54)) -> 46452 | H57: =IF(H4="",SUM(H7:H22,H51:H54),SUM(H7:H54)) -> 19428 | I57: =IF(I4="",SUM(I7:I22,I51:I54),SUM(I7:I54)) -> 19182 | ... AE57: =IF(AE4="",SUM(AE7:AE22,AE51:AE54),SUM(AE7:AE54)) -> 43662 | AG57: =SUM(B57:AE57) -> 725736
A59: 平均値 | B59: =AVERAGE(B7:B54) -> 956.625 | C59: =AVERAGE(C7:C54) -> 955.875 | D59: =AVERAGE(D7:D54) -> 958 | E59: =AVERAGE(E7:E54) -> 961.375 | F59: =AVERAGE(F7:F54) -> 964.75 | G59: =AVERAGE(G7:G54) -> 967.75 | H59: =AVERAGE(H7:H54) -> 961.375 | I59: =AVERAGE(I7:I54) -> 952.875 | ... AE59: =AVERAGE(AE7:AE54) -> 909.625
A60: 最大値 | B60: =MAX(B7:B54) -> 984 | C60: =MAX(C7:C54) -> 984 | D60: =MAX(D7:D54) -> 978 | E60: =MAX(E7:E54) -> 996 | F60: =MAX(F7:F54) -> 984 | G60: =MAX(G7:G54) -> 978 | H60: =MAX(H7:H54) -> 990 | I60: =MAX(I7:I54) -> 978 | ... AE60: =MAX(AE7:AE54) -> 954
A61: 最小値 | B61: =MIN(B7:B54) -> 936 | C61: =MIN(C7:C54) -> 918 | D61: =MIN(D7:D54) -> 936 | E61: =MIN(E7:E54) -> 930 | F61: =MIN(F7:F54) -> 936 | G61: =MIN(G7:G54) -> 936 | H61: =MIN(H7:H54) -> 936 | I61: =MIN(I7:I54) -> 906 | ... AE61: =MIN(AE7:AE54) -> 882

Sheet 5月
A1: ='4月'!A1 -> 令和７年度 時間帯別送電実績（３０分値）
A3: ='4月'!A3 -> 7 | B3: 5月 | AF3: 単位：ｋｗｈ
A4: =SUM(B4:AF4) -> 9 | B4: 1 | C4: 1 | D4: 1 | E4: 1 | F4: 1 | G4: 1 | H4: =IF(H6="日",1,"") | I4: =IF(I6="日",1,"") | J4: =IF(J6="日",1,"") | K4: =IF(K6="日",1,"") | L4: =IF(L6="日",1,"") -> 1 | M4: =IF(M6="日",1,"") | N4: =IF(N6="日",1,"") | O4: =IF(O6="日",1,"") | ... AF4: =IF(AF6="日",1,"")
A5: 日 時間帯 | B5: ='4月'!AE5+1 -> 45778 | C5: =B5+1 -> 45779 | D5: =C5+1 -> 45780 | E5: =D5+1 -> 45781 | F5: =E5+1 -> 45782 | G5: =F5+1 -> 45783 | H5: =G5+1 -> 45784 | I5: =H5+1 -> 45785 | J5: =I5+1 -> 45786 | ... AF5: =AE5+1 -> 45808
B6: =TEXT(B5,"aaa") -> 木 | C6: =TEXT(C5,"aaa") -> 金 | D6: =TEXT(D5,"aaa") -> 土 | E6: =TEXT(E5,"aaa") -> 日 | F6: =TEXT(F5,"aaa") -> 月 | G6: =TEXT(G5,"aaa") -> 火 | H6: =TEXT(H5,"aaa") -> 水 | I6: =TEXT(I5,"aaa") -> 木 | ... AF6: =TEXT(AF5,"aaa") -> 土
A7: 0：30 | B7: 918 | C7: 900 | D7: 918 | E7: 918 | F7: 918 | G7: 900 | H7: 912 | I7: 906 | J7: 906 | K7: 900 | L7: 900 | M7: 906 | N7: 882 | O7: 888 | P7: 900 | Q7: 894 | R7: 888 | S7: 912 | T7: 894 | U7: 888 | V7: 888 | W7: 888 | X7: 900 | Y7: 906 | Z7: 912 | AA7: 912 | AB7: 912 | AC7: 906 | AD7: 900 | AE7: 978 | AF7: 900
A8: 1：00 | B8: 900 | C8: 906 | D8: 912 | E8: 918 | F8: 930 | G8: 900 | H8: 918 | I8: 894 | J8: 900 | K8: 906 | L8: 894 | M8: 906 | N8: 894 | O8: 894 | P8: 900 | Q8: 888 | R8: 900 | S8: 906 | T8: 900 | U8: 894 | V8: 900 | W8: 888 | X8: 900 | Y8: 912 | Z8: 906 | AA8: 912 | AB8: 912 | AC8: 894 | AD8: 900 | AE8: 972 | AF8: 906
A9: 1：30 | B9: 924 | C9: 918 | D9: 912 | E9: 912 | F9: 924 | G9: 906 | H9: 912 | I9: 900 | J9: 906 | K9: 900 | L9: 912 | M9: 900 | N9: 894 | O9: 906 | P9: 888 | Q9: 900 | R9: 894 | S9: 900 | T9: 894 | U9: 900 | V9: 894 | W9: 882 | X9: 900 | Y9: 912 | Z9: 912 | AA9: 894 | AB9: 918 | AC9: 894 | AD9: 900 | AE9: 972 | AF9: 906
A10: 2：00 | B10: 912 | C10: 912 | D10: 930 | E10: 918 | F10: 918 | G10: 918 | H10: 918 | I10: 906 | J10: 906 | K10: 900 | L10: 906 | M10: 906 | N10: 894 | O10: 894 | P10: 924 | Q10: 900 | R10: 894 | S10: 900 | T10: 894 | U10: 894 | V10: 894 | W10: 888 | X10: 906 | Y10: 912 | Z10: 924 | AA10: 912 | AB10: 918 | AC10: 906 | AD10: 906 | AE10: 978 | AF10: 912
A11: 2：30 | B11: 924 | C11: 918 | D11: 918 | E11: 918 | F11: 912 | G11: 912 | H11: 924 | I11: 912 | J11: 900 | K11: 900 | L11: 906 | M11: 894 | N11: 894 | O11: 888 | P11: 936 | Q11: 894 | R11: 894 | S11: 900 | T11: 894 | U11: 894 | V11: 900 | W11: 888 | X11: 906 | Y11: 924 | Z11: 918 | AA11: 906 | AB11: 918 | AC11: 912 | AD11: 966 | AE11: 978 | AF11: 900
A12: 3：00 | B12: 900 | C12: 900 | D12: 918 | E12: 918 | F12: 906 | G12: 900 | H12: 918 | I12: 900 | J12: 906 | K12: 906 | L12: 912 | M12: 900 | N12: 894 | O12: 894 | P12: 936 | Q12: 900 | R12: 900 | S12: 906 | T12: 906 | U12: 894 | V12: 888 | W12: 888 | X12: 912 | Y12: 918 | Z12: 936 | AA12: 912 | AB12: 912 | AC12: 918 | AD12: 972 | AE12: 978 | AF12: 912
A13: 3：30 | B13: 906 | C13: 906 | D13: 906 | E13: 924 | F13: 912 | G13: 912 | H13: 918 | I13: 912 | J13: 900 | K13: 900 | L13: 912 | M13: 906 | N13: 888 | O13: 900 | P13: 942 | Q13: 900 | R13: 894 | S13: 900 | T13: 900 | U13: 900 | V13: 900 | W13: 888 | X13: 906 | Y13: 918 | Z13: 918 | AA13: 918 | AB13: 918 | AC13: 918 | AD13: 978 | AE13: 984 | AF13: 906
A14: 4：00 | B14: 900 | C14: 906 | D14: 918 | E14: 918 | F14: 918 | G14: 918 | H14: 918 | I14: 906 | J14: 900 | K14: 894 | L14: 906 | M14: 906 | N14: 900 | O14: 900 | P14: 954 | Q14: 900 | R14: 888 | S14: 900 | T14: 906 | U14: 906 | V14: 894 | W14: 888 | X14: 900 | Y14: 918 | Z14: 912 | AA14: 912 | AB14: 912 | AC14: 894 | AD14: 972 | AE14: 978 | AF14: 900
A15: 4：30 | B15: 912 | C15: 912 | D15: 918 | E15: 924 | F15: 930 | G15: 912 | H15: 918 | I15: 906 | J15: 906 | K15: 888 | L15: 912 | M15: 906 | N15: 894 | O15: 906 | P15: 942 | Q15: 894 | R15: 888 | S15: 906 | T15: 906 | U15: 900 | V15: 894 | W15: 894 | X15: 900 | Y15: 912 | Z15: 918 | AA15: 924 | AB15: 900 | AC15: 912 | AD15: 978 | AE15: 978 | AF15: 900
A16: 5：00 | B16: 912 | C16: 906 | D16: 924 | E16: 912 | F16: 936 | G16: 918 | H16: 918 | I16: 906 | J16: 912 | K16: 906 | L16: 900 | M16: 906 | N16: 894 | O16: 900 | P16: 942 | Q16: 900 | R16: 894 | S16: 918 | T16: 906 | U16: 894 | V16: 900 | W16: 882 | X16: 906 | Y16: 912 | Z16: 912 | AA16: 924 | AB16: 906 | AC16: 906 | AD16: 978 | AE16: 984 | AF16: 906
A17: 5：30 | B17: 912 | C17: 918 | D17: 930 | E17: 912 | F17: 930 | G17: 918 | H17: 912 | I17: 912 | J17: 900 | K17: 894 | L17: 906 | M17: 906 | N17: 888 | O17: 900 | P17: 942 | Q17: 906 | R17: 894 | S17: 912 | T17: 906 | U17: 888 | V17: 900 | W17: 900 | X17: 912 | Y17: 924 | Z17: 912 | AA17: 912 | AB17: 912 | AC17: 894 | AD17: 978 | AE17: 978 | AF17: 918
A18: 6：00 | B18: 924 | C18: 924 | D18: 930 | E18: 924 | F18: 930 | G18: 936 | H18: 906 | I18: 912 | J18: 894 | K18: 906 | L18: 912 | M18: 912 | N18: 900 | O18: 900 | P18: 948 | Q18: 906 | R18: 894 | S18: 900 | T18: 888 | U18: 888 | V18: 906 | W18: 894 | X18: 912 | Y18: 918 | Z18: 912 | AA18: 924 | AB18: 918 | AC18: 894 | AD18: 978 | AE18: 984 | AF18: 912
... A52: 23：00 | B52: 906 | C52: 918 | D52: 918 | E52: 912 | F52: 894 | G52: 918 | H52: 906 | I52: 906 | J52: 912 | K52: 900 | L52: 900 | M52: 900 | N52: 900 | O52: 894 | P52: 882 | Q52: 894 | R52: 900 | S52: 906 | T52: 900 | U52: 888 | V52: 894 | W52: 906 | X52: 924 | Y52: 924 | Z52: 912 | AA52: 906 | AB52: 918 | AC52: 918 | AD52: 972 | AE52: 912 | AF52: 912
A53: 23：30 | B53: 900 | C53: 918 | D53: 930 | E53: 912 | F53: 894 | G53: 918 | H53: 906 | I53: 900 | J53: 900 | K53: 900 | L53: 912 | M53: 894 | N53: 894 | O53: 900 | P53: 888 | Q53: 882 | R53: 912 | S53: 900 | T53: 894 | U53: 894 | V53: 894 | W53: 900 | X53: 924 | Y53: 924 | Z53: 918 | AA53: 912 | AB53: 906 | AC53: 912 | AD53: 978 | AE53: 906 | AF53: 906 | AG53: =CONCATENATE(B3,"合計") -> 5月合計
A54: 24：00 | B54: 906 | C54: 918 | D54: 918 | E54: 912 | F54: 906 | G54: 918 | H54: 900 | I54: 912 | J54: 906 | K54: 894 | L54: 912 | M54: 894 | N54: 900 | O54: 894 | P54: 894 | Q54: 882 | R54: 906 | S54: 894 | T54: 900 | U54: 882 | V54: 888 | W54: 894 | X54: 906 | Y54: 918 | Z54: 912 | AA54: 900 | AB54: 906 | AC54: 906 | AD54: 972 | AE54: 894 | AF54: 888
A55: 計 | B55: =SUM(B7:B54) -> 43626 | C55: =SUM(C7:C54) -> 38280 | D55: =SUM(D7:D54) -> 43920 | E55: =SUM(E7:E54) -> 38970 | F55: =SUM(F7:F54) -> 43500 | G55: =SUM(G7:G54) -> 43956 | H55: =SUM(H7:H54) -> 43710 | I55: =SUM(I7:I54) -> 43404 | ... AF55: =SUM(AF7:AF54) -> 43818 | AG55: =SUM(B55:AF55) -> 1335690
A56: 平日昼間（その他季） | B56: =IF(B4="",SUM(B23:B50),0) -> 0 | C56: =IF(C4="",SUM(C23:C50),0) -> 0 | D56: =IF(D4="",SUM(D23:D50),0) -> 0 | E56: =IF(E4="",SUM(E23:E50),0) -> 0 | F56: =IF(F4="",SUM(F23:F50),0) -> 0 | G56: =IF(G4="",SUM(G23:G50),0) -> 0 | H56: =IF(H4="",SUM(H23:H50),0) -> 25398 | I56: =IF(I4="",SUM(I23:I50),0) -> 25236 | ... AF56: =IF(AF4="",SUM(AF23:AF50),0) -> 25644 | AG56: =SUM(B56:AF56) -> 552756
A57: 夜間及び休日 | B57: =IF(B4="",SUM(B7:B22,B51:B54),SUM(B7:B54)) -> 43626 | C57: =IF(C4="",SUM(C7:C22,C51:C54),SUM(C7:C54)) -> 38280 | D57: =IF(D4="",SUM(D7:D22,D51:D54),SUM(D7:D54)) -> 43920 | E57: =IF(E4="",SUM(E7:E22,E51:E54),SUM(E7:E54)) -> 38970 | F57: =IF(F4="",SUM(F7:F22,F51:F54),SUM(F7:F54)) -> 43500 | G57: =IF(G4="",SUM(G7:G22,G51:G54),SUM(G7:G54)) -> 43956 | H57: =IF(H4="",SUM(H7:H22,H51:H54),SUM(H7:H54)) -> 18312 | I57: =IF(I4="",SUM(I7:I22,I51:I54),SUM(I7:I54)) -> 18168 | ... AF57: =IF(AF4="",SUM(AF7:AF22,AF51:AF54),SUM(AF7:AF54)) -> 18174 | AG57: =SUM(B57:AF57) -> 782934
A59: 平均値 | B59: =AVERAGE(B7:B54) -> 908.875 | C59: =AVERAGE(C7:C54) -> 797.5 | D59: =AVERAGE(D7:D54) -> 915 | E59: =AVERAGE(E7:E54) -> 811.875 | F59: =AVERAGE(F7:F54) -> 906.25 | G59: =AVERAGE(G7:G54) -> 915.75 | H59: =AVERAGE(H7:H54) -> 910.625 | I59: =AVERAGE(I7:I54) -> 904.25 | ... AF59: =AVERAGE(AF7:AF54) -> 912.875
A60: 最大値 | B60: =MAX(B7:B54) -> 924 | C60: =MAX(C7:C54) -> 930 | D60: =MAX(D7:D54) -> 930 | E60: =MAX(E7:E54) -> 930 | F60: =MAX(F7:F54) -> 936 | G60: =MAX(G7:G54) -> 936 | H60: =MAX(H7:H54) -> 960 | I60: =MAX(I7:I54) -> 936 | ... AF60: =MAX(AF7:AF54) -> 936
A61: 最小値 | B61: =MIN(B7:B54) -> 888 | C61: =MIN(C7:C54) -> 0 | D61: =MIN(D7:D54) -> 888 | E61: =MIN(E7:E54) -> 0 | F61: =MIN(F7:F54) -> 882 | G61: =MIN(G7:G54) -> 900 | H61: =MIN(H7:H54) -> 894 | I61: =MIN(I7:I54) -> 876 | ... AF61: =MIN(AF7:AF54) -> 888

Sheet 6月
A1: ='4月'!A1 -> 令和７年度 時間帯別送電実績（３０分値）
A3: ='4月'!A3 -> 7 | B3: 6月 | AF3: 単位：ｋｗｈ
A4: =SUM(B4:AF4) -> 5 | B4: =IF(B6="日",1,"") -> 1 | C4: =IF(C6="日",1,"") | D4: =IF(D6="日",1,"") | E4: =IF(E6="日",1,"") | F4: =IF(F6="日",1,"") | G4: =IF(G6="日",1,"") | H4: =IF(H6="日",1,"") | I4: =IF(I6="日",1,"") -> 1 | ... AE4: =IF(AE6="日",1,"")
A5: 日 時間帯 | B5: ='5月'!AF5+1 -> 45809 | C5: =B5+1 -> 45810 | D5: =C5+1 -> 45811 | E5: =D5+1 -> 45812 | F5: =E5+1 -> 45813 | G5: =F5+1 -> 45814 | H5: =G5+1 -> 45815 | I5: =H5+1 -> 45816 | J5: =I5+1 -> 45817 | ... AE5: =AD5+1 -> 45838
B6: =TEXT(B5,"aaa") -> 日 | C6: =TEXT(C5,"aaa") -> 月 | D6: =TEXT(D5,"aaa") -> 火 | E6: =TEXT(E5,"aaa") -> 水 | F6: =TEXT(F5,"aaa") -> 木 | G6: =TEXT(G5,"aaa") -> 金 | H6: =TEXT(H5,"aaa") -> 土 | I6: =TEXT(I5,"aaa") -> 日 | ... AE6: =TEXT(AE5,"aaa") -> 月
A7: 0：30 | B7: 900 | C7: 894 | D7: 900 | E7: 876 | F7: 900 | G7: 900 | H7: 888 | I7: 906 | J7: 906 | K7: 894 | L7: 894 | M7: 894 | N7: 900 | O7: 882 | P7: 864 | Q7: 876 | R7: 882 | S7: 810 | T7: 900 | U7: 894 | V7: 894 | W7: 906 | X7: 900 | Y7: 888 | Z7: 870 | AA7: 876 | AB7: 870 | AC7: 888 | AD7: 900 | AE7: 894
A8: 1：00 | B8: 894 | C8: 894 | D8: 894 | E8: 894 | F8: 888 | G8: 906 | H8: 894 | I8: 906 | J8: 906 | K8: 894 | L8: 900 | M8: 894 | N8: 894 | O8: 888 | P8: 870 | Q8: 876 | R8: 864 | S8: 816 | T8: 900 | U8: 888 | V8: 900 | W8: 888 | X8: 888 | Y8: 894 | Z8: 882 | AA8: 882 | AB8: 864 | AC8: 900 | AD8: 900 | AE8: 882
A9: 1：30 | B9: 894 | C9: 900 | D9: 900 | E9: 882 | F9: 882 | G9: 900 | H9: 894 | I9: 900 | J9: 906 | K9: 894 | L9: 894 | M9: 894 | N9: 900 | O9: 870 | P9: 876 | Q9: 870 | R9: 876 | S9: 804 | T9: 900 | U9: 900 | V9: 894 | W9: 894 | X9: 894 | Y9: 888 | Z9: 870 | AA9: 882 | AB9: 864 | AC9: 882 | AD9: 888 | AE9: 888
A10: 2：00 | B10: 906 | C10: 918 | D10: 900 | E10: 894 | F10: 894 | G10: 900 | H10: 900 | I10: 906 | J10: 912 | K10: 882 | L10: 894 | M10: 906 | N10: 900 | O10: 876 | P10: 882 | Q10: 876 | R10: 870 | S10: 816 | T10: 912 | U10: 894 | V10: 894 | W10: 900 | X10: 888 | Y10: 888 | Z10: 888 | AA10: 888 | AB10: 864 | AC10: 894 | AD10: 894 | AE10: 882
A11: 2：30 | B11: 894 | C11: 912 | D11: 894 | E11: 894 | F11: 894 | G11: 894 | H11: 906 | I11: 894 | J11: 918 | K11: 894 | L11: 888 | M11: 900 | N11: 888 | O11: 870 | P11: 870 | Q11: 876 | R11: 876 | S11: 816 | T11: 912 | U11: 894 | V11: 900 | W11: 900 | X11: 894 | Y11: 894 | Z11: 870 | AA11: 876 | AB11: 864 | AC11: 900 | AD11: 894 | AE11: 906
A12: 3：00 | B12: 906 | C12: 906 | D12: 894 | E12: 888 | F12: 888 | G12: 894 | H12: 900 | I12: 894 | J12: 906 | K12: 894 | L12: 888 | M12: 900 | N12: 894 | O12: 870 | P12: 888 | Q12: 876 | R12: 864 | S12: 804 | T12: 912 | U12: 894 | V12: 900 | W12: 900 | X12: 894 | Y12: 894 | Z12: 882 | AA12: 882 | AB12: 870 | AC12: 888 | AD12: 906 | AE12: 960
A13: 3：30 | B13: 900 | C13: 912 | D13: 894 | E13: 894 | F13: 888 | G13: 888 | H13: 900 | I13: 894 | J13: 918 | K13: 894 | L13: 900 | M13: 906 | N13: 900 | O13: 876 | P13: 894 | Q13: 882 | R13: 882 | S13: 822 | T13: 918 | U13: 888 | V13: 900 | W13: 900 | X13: 894 | Y13: 882 | Z13: 876 | AA13: 876 | AB13: 864 | AC13: 894 | AD13: 900 | AE13: 960
A14: 4：00 | B14: 900 | C14: 912 | D14: 900 | E14: 888 | F14: 894 | G14: 900 | H14: 918 | I14: 906 | J14: 912 | K14: 906 | L14: 894 | M14: 900 | N14: 900 | O14: 876 | P14: 894 | Q14: 876 | R14: 882 | S14: 822 | T14: 918 | U14: 900 | V14: 900 | W14: 894 | X14: 888 | Y14: 888 | Z14: 888 | AA14: 876 | AB14: 870 | AC14: 888 | AD14: 900 | AE14: 966
A15: 4：30 | B15: 894 | C15: 906 | D15: 900 | E15: 888 | F15: 894 | G15: 900 | H15: 906 | I15: 906 | J15: 912 | K15: 894 | L15: 900 | M15: 912 | N15: 906 | O15: 870 | P15: 888 | Q15: 882 | R15: 894 | S15: 822 | T15: 918 | U15: 894 | V15: 906 | W15: 906 | X15: 900 | Y15: 894 | Z15: 882 | AA15: 882 | AB15: 870 | AC15: 906 | AD15: 906 | AE15: 954
A16: 5：00 | B16: 900 | C16: 918 | D16: 906 | E16: 888 | F16: 894 | G16: 900 | H16: 894 | I16: 894 | J16: 918 | K16: 900 | L16: 906 | M16: 900 | N16: 900 | O16: 876 | P16: 888 | Q16: 876 | R16: 882 | S16: 822 | T16: 912 | U16: 894 | V16: 906 | W16: 894 | X16: 900 | Y16: 894 | Z16: 882 | AA16: 882 | AB16: 870 | AC16: 894 | AD16: 900 | AE16: 966
A17: 5：30 | B17: 906 | C17: 912 | D17: 900 | E17: 888 | F17: 894 | G17: 894 | H17: 900 | I17: 900 | J17: 912 | K17: 888 | L17: 894 | M17: 900 | N17: 900 | O17: 870 | P17: 888 | Q17: 870 | R17: 882 | S17: 816 | T17: 906 | U17: 894 | V17: 906 | W17: 894 | X17: 888 | Y17: 894 | Z17: 888 | AA17: 876 | AB17: 876 | AC17: 900 | AD17: 906 | AE17: 948
A18: 6：00 | B18: 912 | C18: 918 | D18: 912 | E18: 906 | F18: 888 | G18: 906 | H18: 906 | I18: 906 | J18: 912 | K18: 900 | L18: 906 | M18: 900 | N18: 894 | O18: 870 | P18: 888 | Q18: 882 | R18: 876 | S18: 852 | T18: 912 | U18: 900 | V18: 900 | W18: 894 | X18: 900 | Y18: 882 | Z18: 876 | AA18: 900 | AB18: 870 | AC18: 888 | AD18: 894 | AE18: 954
... A52: 23：00 | B52: 906 | C52: 912 | D52: 894 | E52: 888 | F52: 906 | G52: 888 | H52: 906 | I52: 900 | J52: 900 | K52: 900 | L52: 894 | M52: 900 | N52: 888 | O52: 870 | P52: 864 | Q52: 876 | R52: 816 | S52: 918 | T52: 894 | U52: 894 | V52: 900 | W52: 894 | X52: 888 | Y52: 888 | Z52: 888 | AA52: 870 | AB52: 888 | AC52: 900 | AD52: 888 | AE52: 870
A53: 23：30 | B53: 900 | C53: 900 | D53: 894 | E53: 888 | F53: 900 | G53: 888 | H53: 900 | I53: 900 | J53: 900 | K53: 900 | L53: 894 | M53: 900 | N53: 882 | O53: 882 | P53: 858 | Q53: 870 | R53: 810 | S53: 906 | T53: 900 | U53: 894 | V53: 888 | W53: 900 | X53: 882 | Y53: 882 | Z53: 876 | AA53: 870 | AB53: 888 | AC53: 894 | AD53: 888 | AE53: 882 | AG53: =CONCATENATE(B3,"合計") -> 6月合計
A54: 24：00 | B54: 900 | C54: 888 | D54: 888 | E54: 894 | F54: 906 | G54: 894 | H54: 912 | I54: 900 | J54: 900 | K54: 900 | L54: 894 | M54: 900 | N54: 882 | O54: 870 | P54: 864 | Q54: 870 | R54: 822 | S54: 906 | T54: 894 | U54: 906 | V54: 894 | W54: 894 | X54: 888 | Y54: 882 | Z54: 894 | AA54: 864 | AB54: 882 | AC54: 888 | AD54: 882 | AE54: 870
A55: 計 | B55: =SUM(B7:B54) -> 43098 | C55: =SUM(C7:C54) -> 43056 | D55: =SUM(D7:D54) -> 43044 | E55: =SUM(E7:E54) -> 42540 | F55: =SUM(F7:F54) -> 42258 | G55: =SUM(G7:G54) -> 42282 | H55: =SUM(H7:H54) -> 42888 | I55: =SUM(I7:I54) -> 42990 | ... AE55: =SUM(AE7:AE54) -> 43614 | AG55: =SUM(B55:AE55) -> 1267104
A56: 平日昼間（その他季） | B56: =IF(B4="",SUM(B23:B50),0) -> 0 | C56: =IF(C4="",SUM(C23:C50),0) -> 24870 | D56: =IF(D4="",SUM(D23:D50),0) -> 25044 | E56: =IF(E4="",SUM(E23:E50),0) -> 24678 | F56: =IF(F4="",SUM(F23:F50),0) -> 24366 | G56: =IF(G4="",SUM(G23:G50),0) -> 24336 | H56: =IF(H4="",SUM(H23:H50),0) -> 24864 | I56: =IF(I4="",SUM(I23:I50),0) -> 0 | ... AE56: =IF(AE4="",SUM(AE23:AE50),0) -> 25176 | AG56: =SUM(B56:AE56) -> 607044
A57: 夜間及び休日 | B57: =IF(B4="",SUM(B7:B22,B51:B54),SUM(B7:B54)) -> 43098 | C57: =IF(C4="",SUM(C7:C22,C51:C54),SUM(C7:C54)) -> 18186 | D57: =IF(D4="",SUM(D7:D22,D51:D54),SUM(D7:D54)) -> 18000 | E57: =IF(E4="",SUM(E7:E22,E51:E54),SUM(E7:E54)) -> 17862 | F57: =IF(F4="",SUM(F7:F22,F51:F54),SUM(F7:F54)) -> 17892 | G57: =IF(G4="",SUM(G7:G22,G51:G54),SUM(G7:G54)) -> 17946 | H57: =IF(H4="",SUM(H7:H22,H51:H54),SUM(H7:H54)) -> 18024 | I57: =IF(I4="",SUM(I7:I22,I51:I54),SUM(I7:I54)) -> 42990 | ... AE57: =IF(AE4="",SUM(AE7:AE22,AE51:AE54),SUM(AE7:AE54)) -> 18438 | AG57: =SUM(B57:AE57) -> 660060
A59: 平均値 | B59: =AVERAGE(B7:B54) -> 897.875 | C59: =AVERAGE(C7:C54) -> 897 | D59: =AVERAGE(D7:D54) -> 896.75 | E59: =AVERAGE(E7:E54) -> 886.25 | F59: =AVERAGE(F7:F54) -> 880.375 | G59: =AVERAGE(G7:G54) -> 880.875 | H59: =AVERAGE(H7:H54) -> 893.5 | I59: =AVERAGE(I7:I54) -> 895.625 | ... AE59: =AVERAGE(AE7:AE54) -> 908.625
A60: 最大値 | B60: =MAX(B7:B54) -> 912 | C60: =MAX(C7:C54) -> 930 | D60: =MAX(D7:D54) -> 924 | E60: =MAX(E7:E54) -> 912 | F60: =MAX(F7:F54) -> 906 | G60: =MAX(G7:G54) -> 906 | H60: =MAX(H7:H54) -> 918 | I60: =MAX(I7:I54) -> 912 | ... AE60: =MAX(AE7:AE54) -> 966
A61: 最小値 | B61: =MIN(B7:B54) -> 876 | C61: =MIN(C7:C54) -> 870 | D61: =MIN(D7:D54) -> 876 | E61: =MIN(E7:E54) -> 858 | F61: =MIN(F7:F54) -> 834 | G61: =MIN(G7:G54) -> 840 | H61: =MIN(H7:H54) -> 876 | I61: =MIN(I7:I54) -> 876 | ... AE61: =MIN(AE7:AE54) -> 858

Sheet 7月
A1: ='4月'!A1 -> 令和７年度 時間帯別送電実績（３０分値）
A3: ='4月'!A3 -> 7 | B3: 7月 | AF3: 単位：ｋｗｈ
A4: =SUM(B4:AF4) -> 5 | B4: =IF(B6="日",1,"") | C4: =IF(C6="日",1,"") | D4: =IF(D6="日",1,"") | E4: =IF(E6="日",1,"") | F4: =IF(F6="日",1,"") | G4: =IF(G6="日",1,"") -> 1 | H4: =IF(H6="日",1,"") | I4: =IF(I6="日",1,"") | ... U4: =IF(U6="日",1,"") -> 1 | V4: 1 | W4: =IF(W6="日",1,"") | X4: =IF(X6="日",1,"") | Y4: =IF(Y6="日",1,"") | Z4: =IF(Z6="日",1,"") | AA4: =IF(AA6="日",1,"") | AB4: =IF(AB6="日",1,"") -> 1 | AC4: =IF(AC6="日",1,"") | AD4: =IF(AD6="日",1,"") | ... AF4: =IF(AF6="日",1,"")
A5: 日 時間帯 | B5: ='6月'!AE5+1 -> 45839 | C5: =B5+1 -> 45840 | D5: =C5+1 -> 45841 | E5: =D5+1 -> 45842 | F5: =E5+1 -> 45843 | G5: =F5+1 -> 45844 | H5: =G5+1 -> 45845 | I5: =H5+1 -> 45846 | J5: =I5+1 -> 45847 | ... AF5: =AE5+1 -> 45869
B6: =TEXT(B5,"aaa") -> 火 | C6: =TEXT(C5,"aaa") -> 水 | D6: =TEXT(D5,"aaa") -> 木 | E6: =TEXT(E5,"aaa") -> 金 | F6: =TEXT(F5,"aaa") -> 土 | G6: =TEXT(G5,"aaa") -> 日 | H6: =TEXT(H5,"aaa") -> 月 | I6: =TEXT(I5,"aaa") -> 火 | ... AF6: =TEXT(AF5,"aaa") -> 木
A7: 0：30 | B7: 882 | C7: 888 | D7: 894 | E7: 900 | F7: 894 | G7: 894 | H7: 900 | I7: 888 | J7: 894 | K7: 882 | L7: 900 | M7: 894 | N7: 894 | O7: 906 | P7: 882 | Q7: 900 | R7: 882 | S7: 900 | T7: 876 | U7: 882 | V7: 888 | W7: 888 | X7: 888 | Y7: 888 | Z7: 894 | AA7: 888 | AB7: 888 | AC7: 894 | AD7: 876 | AE7: 900 | AF7: 894
A8: 1：00 | B8: 870 | C8: 894 | D8: 894 | E8: 900 | F8: 894 | G8: 900 | H8: 888 | I8: 894 | J8: 906 | K8: 882 | L8: 894 | M8: 906 | N8: 894 | O8: 888 | P8: 888 | Q8: 894 | R8: 876 | S8: 894 | T8: 900 | U8: 888 | V8: 888 | W8: 894 | X8: 894 | Y8: 894 | Z8: 894 | AA8: 900 | AB8: 882 | AC8: 894 | AD8: 888 | AE8: 900 | AF8: 894
A9: 1：30 | B9: 870 | C9: 876 | D9: 894 | E9: 894 | F9: 900 | G9: 900 | H9: 894 | I9: 888 | J9: 894 | K9: 888 | L9: 888 | M9: 894 | N9: 906 | O9: 936 | P9: 912 | Q9: 900 | R9: 882 | S9: 894 | T9: 894 | U9: 900 | V9: 894 | W9: 894 | X9: 906 | Y9: 894 | Z9: 900 | AA9: 900 | AB9: 912 | AC9: 906 | AD9: 882 | AE9: 900 | AF9: 906
A10: 2：00 | B10: 876 | C10: 906 | D10: 894 | E10: 894 | F10: 906 | G10: 900 | H10: 888 | I10: 894 | J10: 894 | K10: 882 | L10: 906 | M10: 912 | N10: 906 | O10: 954 | P10: 960 | Q10: 924 | R10: 882 | S10: 888 | T10: 894 | U10: 894 | V10: 900 | W10: 894 | X10: 900 | Y10: 900 | Z10: 900 | AA10: 900 | AB10: 900 | AC10: 900 | AD10: 894 | AE10: 912 | AF10: 906
A11: 2：30 | B11: 924 | C11: 954 | D11: 894 | E11: 888 | F11: 894 | G11: 900 | H11: 888 | I11: 888 | J11: 900 | K11: 882 | L11: 960 | M11: 894 | N11: 894 | O11: 960 | P11: 954 | Q11: 954 | R11: 876 | S11: 894 | T11: 894 | U11: 894 | V11: 894 | W11: 894 | X11: 888 | Y11: 894 | Z11: 900 | AA11: 906 | AB11: 906 | AC11: 906 | AD11: 888 | AE11: 906 | AF11: 900
A12: 3：00 | B12: 942 | C12: 948 | D12: 900 | E12: 900 | F12: 894 | G12: 900 | H12: 894 | I12: 900 | J12: 894 | K12: 876 | L12: 960 | M12: 900 | N12: 894 | O12: 960 | P12: 954 | Q12: 972 | R12: 882 | S12: 900 | T12: 894 | U12: 888 | V12: 888 | W12: 894 | X12: 894 | Y12: 894 | Z12: 888 | AA12: 888 | AB12: 894 | AC12: 900 | AD12: 888 | AE12: 906 | AF12: 906
A13: 3：30 | B13: 936 | C13: 954 | D13: 894 | E13: 900 | F13: 900 | G13: 900 | H13: 888 | I13: 894 | J13: 894 | K13: 876 | L13: 954 | M13: 906 | N13: 900 | O13: 960 | P13: 954 | Q13: 960 | R13: 870 | S13: 894 | T13: 894 | U13: 888 | V13: 882 | W13: 888 | X13: 882 | Y13: 882 | Z13: 888 | AA13: 894 | AB13: 894 | AC13: 894 | AD13: 882 | AE13: 906 | AF13: 888
A14: 4：00 | B14: 942 | C14: 954 | D14: 900 | E14: 894 | F14: 900 | G14: 912 | H14: 888 | I14: 894 | J14: 900 | K14: 882 | L14: 960 | M14: 906 | N14: 900 | O14: 954 | P14: 954 | Q14: 960 | R14: 870 | S14: 888 | T14: 888 | U14: 888 | V14: 894 | W14: 894 | X14: 900 | Y14: 888 | Z14: 906 | AA14: 894 | AB14: 900 | AC14: 888 | AD14: 888 | AE14: 900 | AF14: 906
A15: 4：30 | B15: 942 | C15: 954 | D15: 900 | E15: 894 | F15: 894 | G15: 900 | H15: 888 | I15: 888 | J15: 894 | K15: 876 | L15: 960 | M15: 900 | N15: 894 | O15: 960 | P15: 960 | Q15: 954 | R15: 882 | S15: 894 | T15: 888 | U15: 888 | V15: 876 | W15: 882 | X15: 888 | Y15: 882 | Z15: 894 | AA15: 888 | AB15: 888 | AC15: 894 | AD15: 888 | AE15: 912 | AF15: 900
A16: 5：00 | B16: 948 | C16: 960 | D16: 894 | E16: 906 | F16: 894 | G16: 900 | H16: 888 | I16: 900 | J16: 906 | K16: 876 | L16: 972 | M16: 900 | N16: 912 | O16: 966 | P16: 966 | Q16: 960 | R16: 876 | S16: 882 | T16: 888 | U16: 888 | V16: 888 | W16: 888 | X16: 894 | Y16: 894 | Z16: 900 | AA16: 894 | AB16: 900 | AC16: 888 | AD16: 882 | AE16: 900 | AF16: 894
A17: 5：30 | B17: 942 | C17: 948 | D17: 888 | E17: 894 | F17: 900 | G17: 906 | H17: 900 | I17: 900 | J17: 894 | K17: 876 | L17: 960 | M17: 906 | N17: 900 | O17: 966 | P17: 954 | Q17: 960 | R17: 888 | S17: 906 | T17: 888 | U17: 894 | V17: 894 | W17: 888 | X17: 894 | Y17: 900 | Z17: 900 | AA17: 900 | AB17: 906 | AC17: 894 | AD17: 894 | AE17: 912 | AF17: 912
A18: 6：00 | B18: 936 | C18: 960 | D18: 906 | E18: 900 | F18: 900 | G18: 900 | H18: 894 | I18: 900 | J18: 894 | K18: 888 | L18: 966 | M18: 912 | N18: 906 | O18: 966 | P18: 960 | Q18: 954 | R18: 888 | S18: 894 | T18: 900 | U18: 894 | V18: 900 | W18: 900 | X18: 900 | Y18: 900 | Z18: 906 | AA18: 906 | AB18: 912 | AC18: 900 | AD18: 894 | AE18: 912 | AF18: 900
... A52: 23：00 | B52: 888 | C52: 894 | D52: 894 | E52: 900 | F52: 894 | G52: 894 | H52: 888 | I52: 894 | J52: 882 | K52: 894 | L52: 900 | M52: 906 | N52: 894 | O52: 870 | P52: 882 | Q52: 882 | R52: 894 | S52: 888 | T52: 900 | U52: 894 | V52: 894 | W52: 900 | X52: 894 | Y52: 894 | Z52: 888 | AA52: 894 | AB52: 900 | AC52: 882 | AD52: 900 | AE52: 900 | AF52: 906
A53: 23：30 | B53: 876 | C53: 906 | D53: 888 | E53: 894 | F53: 906 | G53: 894 | H53: 894 | I53: 894 | J53: 876 | K53: 888 | L53: 894 | M53: 900 | N53: 894 | O53: 864 | P53: 888 | Q53: 870 | R53: 882 | S53: 882 | T53: 882 | U53: 882 | V53: 894 | W53: 894 | X53: 882 | Y53: 900 | Z53: 888 | AA53: 888 | AB53: 900 | AC53: 882 | AD53: 906 | AE53: 900 | AF53: 906 | AG53: =CONCATENATE(B3,"合計") -> 7月合計
A54: 24：00 | B54: 888 | C54: 894 | D54: 900 | E54: 888 | F54: 900 | G54: 888 | H54: 894 | I54: 900 | J54: 882 | K54: 888 | L54: 900 | M54: 906 | N54: 900 | O54: 888 | P54: 894 | Q54: 882 | R54: 888 | S54: 888 | T54: 888 | U54: 888 | V54: 882 | W54: 894 | X54: 882 | Y54: 894 | Z54: 900 | AA54: 894 | AB54: 900 | AC54: 894 | AD54: 906 | AE54: 894 | AF54: 900
A55: 計 | B55: =SUM(B7:B54) -> 34620 | C55: =SUM(C7:C54) -> 43710 | D55: =SUM(D7:D54) -> 42816 | E55: =SUM(E7:E54) -> 42684 | F55: =SUM(F7:F54) -> 43380 | G55: =SUM(G7:G54) -> 43032 | H55: =SUM(H7:H54) -> 42318 | I55: =SUM(I7:I54) -> 42696 | ... AF55: =SUM(AF7:AF54) -> 42930 | AG55: =SUM(B55:AF55) -> 1311822
A56: 平日昼間（夏季） | B56: =IF(B4="",SUM(B23:B50),0) -> 16308 | C56: =IF(C4="",SUM(C23:C50),0) -> 25128 | D56: =IF(D4="",SUM(D23:D50),0) -> 24882 | E56: =IF(E4="",SUM(E23:E50),0) -> 24714 | F56: =IF(F4="",SUM(F23:F50),0) -> 25350 | G56: =IF(G4="",SUM(G23:G50),0) -> 0 | H56: =IF(H4="",SUM(H23:H50),0) -> 24480 | I56: =IF(I4="",SUM(I23:I50),0) -> 24816 | ... AF56: =IF(AF4="",SUM(AF23:AF50),0) -> 24870 | AG56: =SUM(B56:AF56) -> 627582
A57: 夜間及び休日 | B57: =IF(B4="",SUM(B7:B22,B51:B54),SUM(B7:B54)) -> 18312 | C57: =IF(C4="",SUM(C7:C22,C51:C54),SUM(C7:C54)) -> 18582 | D57: =IF(D4="",SUM(D7:D22,D51:D54),SUM(D7:D54)) -> 17934 | E57: =IF(E4="",SUM(E7:E22,E51:E54),SUM(E7:E54)) -> 17970 | F57: =IF(F4="",SUM(F7:F22,F51:F54),SUM(F7:F54)) -> 18030 | G57: =IF(G4="",SUM(G7:G22,G51:G54),SUM(G7:G54)) -> 43032 | H57: =IF(H4="",SUM(H7:H22,H51:H54),SUM(H7:H54)) -> 17838 | I57: =IF(I4="",SUM(I7:I22,I51:I54),SUM(I7:I54)) -> 17880 | ... AF57: =IF(AF4="",SUM(AF7:AF22,AF51:AF54),SUM(AF7:AF54)) -> 18060 | AG57: =SUM(B57:AF57) -> 684240
A59: 平均値 | B59: =AVERAGE(B7:B54) -> 721.25 | C59: =AVERAGE(C7:C54) -> 910.625 | D59: =AVERAGE(D7:D54) -> 892 | E59: =AVERAGE(E7:E54) -> 889.25 | F59: =AVERAGE(F7:F54) -> 903.75 | G59: =AVERAGE(G7:G54) -> 896.5 | H59: =AVERAGE(H7:H54) -> 881.625 | I59: =AVERAGE(I7:I54) -> 889.5 | ... AF59: =AVERAGE(AF7:AF54) -> 894.375
A60: 最大値 | B60: =MAX(B7:B54) -> 948 | C60: =MAX(C7:C54) -> 960 | D60: =MAX(D7:D54) -> 912 | E60: =MAX(E7:E54) -> 918 | F60: =MAX(F7:F54) -> 930 | G60: =MAX(G7:G54) -> 912 | H60: =MAX(H7:H54) -> 912 | I60: =MAX(I7:I54) -> 918 | ... AF60: =MAX(AF7:AF54) -> 924
A61: 最小値 | B61: =MIN(B7:B54) -> 0 | C61: =MIN(C7:C54) -> 876 | D61: =MIN(D7:D54) -> 870 | E61: =MIN(E7:E54) -> 864 | F61: =MIN(F7:F54) -> 888 | G61: =MIN(G7:G54) -> 882 | H61: =MIN(H7:H54) -> 846 | I61: =MIN(I7:I54) -> 870 | ... AF61: =MIN(AF7:AF54) -> 858

Sheet 8月
A1: ='4月'!A1 -> 令和７年度 時間帯別送電実績（３０分値）
A3: ='4月'!A3 -> 7 | B3: 8月 | AF3: 単位：ｋｗｈ
A4: =SUM(B4:AF4) -> 6 | B4: =IF(B6="日",1,"") | C4: =IF(C6="日",1,"") | D4: =IF(D6="日",1,"") -> 1 | E4: =IF(E6="日",1,"") | F4: =IF(F6="日",1,"") | G4: =IF(G6="日",1,"") | H4: =IF(H6="日",1,"") | I4: =IF(I6="日",1,"") | ... K4: =IF(K6="日",1,"") -> 1 | L4: 1 | M4: =IF(M6="日",1,"") | N4: =IF(N6="日",1,"") | O4: =IF(O6="日",1,"") | P4: =IF(P6="日",1,"") | Q4: =IF(Q6="日",1,"") | R4: =IF(R6="日",1,"") -> 1 | S4: =IF(S6="日",1,"") | T4: =IF(T6="日",1,"") | ... AF4: =IF(AF6="日",1,"") -> 1
A5: 日 時間帯 | B5: ='7月'!AF5+1 -> 45870 | C5: =B5+1 -> 45871 | D5: =C5+1 -> 45872 | E5: =D5+1 -> 45873 | F5: =E5+1 -> 45874 | G5: =F5+1 -> 45875 | H5: =G5+1 -> 45876 | I5: =H5+1 -> 45877 | J5: =I5+1 -> 45878 | ... AF5: =AE5+1 -> 45900
B6: =TEXT(B5,"aaa") -> 金 | C6: =TEXT(C5,"aaa") -> 土 | D6: =TEXT(D5,"aaa") -> 日 | E6: =TEXT(E5,"aaa") -> 月 | F6: =TEXT(F5,"aaa") -> 火 | G6: =TEXT(G5,"aaa") -> 水 | H6: =TEXT(H5,"aaa") -> 木 | I6: =TEXT(I5,"aaa") -> 金 | ... AF6: =TEXT(AF5,"aaa") -> 日
A7: 0：30 | B7: 906 | C7: 888 | D7: 894 | E7: 888 | F7: 894 | G7: 900 | H7: 900 | I7: 894 | J7: 912 | K7: 900 | L7: 900 | M7: 894 | N7: 882 | O7: 888 | P7: 900 | Q7: 918 | R7: 906 | S7: 912 | T7: 888 | U7: 876 | V7: 900 | W7: 894 | X7: 906 | Y7: 888 | Z7: 912 | AA7: 882 | AB7: 894 | AC7: 768 | AD7: 948 | AE7: 882 | AF7: 960
A8: 1：00 | B8: 900 | C8: 888 | D8: 894 | E8: 894 | F8: 894 | G8: 900 | H8: 900 | I8: 900 | J8: 900 | K8: 894 | L8: 906 | M8: 900 | N8: 894 | O8: 888 | P8: 900 | Q8: 900 | R8: 900 | S8: 894 | T8: 888 | U8: 894 | V8: 900 | W8: 906 | X8: 900 | Y8: 900 | Z8: 906 | AA8: 888 | AB8: 894 | AC8: 768 | AD8: 954 | AE8: 882 | AF8: 966
A9: 1：30 | B9: 912 | C9: 906 | D9: 912 | E9: 894 | F9: 912 | G9: 906 | H9: 906 | I9: 894 | J9: 900 | K9: 906 | L9: 900 | M9: 900 | N9: 876 | O9: 888 | P9: 912 | Q9: 912 | R9: 906 | S9: 912 | T9: 888 | U9: 846 | V9: 900 | W9: 900 | X9: 900 | Y9: 894 | Z9: 906 | AA9: 876 | AB9: 960 | AC9: 768 | AD9: 960 | AE9: 888 | AF9: 954
A10: 2：00 | B10: 900 | C10: 906 | D10: 906 | E10: 894 | F10: 900 | G10: 900 | H10: 906 | I10: 888 | J10: 900 | K10: 900 | L10: 906 | M10: 900 | N10: 882 | O10: 888 | P10: 900 | Q10: 900 | R10: 900 | S10: 906 | T10: 900 | U10: 846 | V10: 900 | W10: 906 | X10: 900 | Y10: 888 | Z10: 900 | AA10: 876 | AB10: 954 | AC10: 774 | AD10: 948 | AE10: 888 | AF10: 966
A11: 2：30 | B11: 912 | C11: 894 | D11: 918 | E11: 882 | F11: 906 | G11: 894 | H11: 888 | I11: 900 | J11: 900 | K11: 900 | L11: 912 | M11: 900 | N11: 888 | O11: 894 | P11: 906 | Q11: 900 | R11: 900 | S11: 906 | T11: 900 | U11: 888 | V11: 888 | W11: 900 | X11: 906 | Y11: 900 | Z11: 900 | AA11: 882 | AB11: 960 | AC11: 768 | AD11: 960 | AE11: 882 | AF11: 960
A12: 3：00 | B12: 900 | C12: 900 | D12: 906 | E12: 888 | F12: 894 | G12: 894 | H12: 900 | I12: 882 | J12: 900 | K12: 894 | L12: 900 | M12: 894 | N12: 882 | O12: 888 | P12: 906 | Q12: 906 | R12: 900 | S12: 900 | T12: 888 | U12: 900 | V12: 894 | W12: 906 | X12: 894 | Y12: 888 | Z12: 906 | AA12: 882 | AB12: 960 | AC12: 780 | AD12: 954 | AE12: 876 | AF12: 960
A13: 3：30 | B13: 906 | C13: 894 | D13: 900 | E13: 894 | F13: 900 | G13: 894 | H13: 906 | I13: 894 | J13: 894 | K13: 888 | L13: 906 | M13: 900 | N13: 894 | O13: 894 | P13: 906 | Q13: 882 | R13: 900 | S13: 900 | T13: 900 | U13: 900 | V13: 888 | W13: 906 | X13: 900 | Y13: 888 | Z13: 900 | AA13: 888 | AB13: 960 | AC13: 774 | AD13: 948 | AE13: 882 | AF13: 960
A14: 4：00 | B14: 906 | C14: 918 | D14: 906 | E14: 894 | F14: 894 | G14: 900 | H14: 912 | I14: 894 | J14: 894 | K14: 900 | L14: 906 | M14: 900 | N14: 888 | O14: 900 | P14: 912 | Q14: 906 | R14: 912 | S14: 912 | T14: 900 | U14: 900 | V14: 894 | W14: 894 | X14: 900 | Y14: 894 | Z14: 912 | AA14: 876 | AB14: 960 | AC14: 768 | AD14: 948 | AE14: 888 | AF14: 960
A15: 4：30 | B15: 900 | C15: 906 | D15: 906 | E15: 894 | F15: 894 | G15: 900 | H15: 906 | I15: 882 | J15: 900 | K15: 900 | L15: 906 | M15: 900 | N15: 882 | O15: 894 | P15: 906 | Q15: 906 | R15: 900 | S15: 906 | T15: 906 | U15: 900 | V15: 900 | W15: 912 | X15: 900 | Y15: 900 | Z15: 900 | AA15: 888 | AB15: 954 | AC15: 768 | AD15: 954 | AE15: 882 | AF15: 966
A16: 5：00 | B16: 900 | C16: 900 | D16: 912 | E16: 882 | F16: 906 | G16: 900 | H16: 894 | I16: 900 | J16: 894 | K16: 894 | L16: 900 | M16: 894 | N16: 882 | O16: 900 | P16: 906 | Q16: 906 | R16: 906 | S16: 912 | T16: 894 | U16: 894 | V16: 894 | W16: 888 | X16: 906 | Y16: 900 | Z16: 906 | AA16: 888 | AB16: 960 | AC16: 774 | AD16: 960 | AE16: 888 | AF16: 966
A17: 5：30 | B17: 912 | C17: 894 | D17: 912 | E17: 900 | F17: 900 | G17: 912 | H17: 900 | I17: 894 | J17: 894 | K17: 894 | L17: 906 | M17: 894 | N17: 894 | O17: 894 | P17: 894 | Q17: 906 | R17: 900 | S17: 900 | T17: 888 | U17: 894 | V17: 906 | W17: 918 | X17: 900 | Y17: 888 | Z17: 900 | AA17: 888 | AB17: 960 | AC17: 780 | AD17: 942 | AE17: 888 | AF17: 966
A18: 6：00 | B18: 912 | C18: 900 | D18: 924 | E18: 894 | F18: 918 | G18: 906 | H18: 906 | I18: 906 | J18: 906 | K18: 894 | L18: 906 | M18: 906 | N18: 882 | O18: 888 | P18: 900 | Q18: 906 | R18: 912 | S18: 906 | T18: 900 | U18: 894 | V18: 894 | W18: 894 | X18: 906 | Y18: 900 | Z18: 906 | AA18: 882 | AB18: 966 | AC18: 780 | AD18: 948 | AE18: 882 | AF18: 966
... A52: 23：00 | B52: 894 | C52: 906 | D52: 900 | E52: 900 | F52: 894 | G52: 906 | H52: 894 | I52: 894 | J52: 900 | K52: 906 | L52: 900 | M52: 888 | N52: 882 | O52: 894 | P52: 900 | Q52: 900 | R52: 906 | S52: 894 | T52: 708 | U52: 900 | V52: 906 | W52: 906 | X52: 888 | Y52: 900 | Z52: 882 | AA52: 888 | AB52: 774 | AC52: 900 | AD52: 882 | AE52: 954 | AF52: 972
A53: 23：30 | B53: 888 | C53: 912 | D53: 900 | E53: 900 | F53: 894 | G53: 912 | H53: 900 | I53: 900 | J53: 900 | K53: 912 | L53: 906 | M53: 876 | N53: 888 | O53: 900 | P53: 912 | Q53: 900 | R53: 906 | S53: 888 | T53: 810 | U53: 894 | V53: 894 | W53: 894 | X53: 888 | Y53: 906 | Z53: 888 | AA53: 888 | AB53: 750 | AC53: 900 | AD53: 888 | AE53: 966 | AF53: 966 | AG53: =CONCATENATE(B3,"合計") -> 8月合計
A54: 24：00 | B54: 894 | C54: 900 | D54: 900 | E54: 906 | F54: 894 | G54: 906 | H54: 882 | I54: 906 | J54: 906 | K54: 906 | L54: 894 | M54: 888 | N54: 888 | O54: 900 | P54: 900 | Q54: 900 | R54: 906 | S54: 894 | T54: 864 | U54: 888 | V54: 906 | W54: 906 | X54: 894 | Y54: 906 | Z54: 882 | AA54: 876 | AB54: 756 | AC54: 894 | AD54: 870 | AE54: 966 | AF54: 960
A55: 計 | B55: =SUM(B7:B54) -> 42954 | C55: =SUM(C7:C54) -> 43170 | D55: =SUM(D7:D54) -> 43344 | E55: =SUM(E7:E54) -> 42000 | F55: =SUM(F7:F54) -> 42276 | G55: =SUM(G7:G54) -> 34062 | H55: =SUM(H7:H54) -> 42366 | I55: =SUM(I7:I54) -> 39906 | ... AF55: =SUM(AF7:AF54) -> 46074 | AG55: =SUM(B55:AF55) -> 1294020
A56: 平日昼間（夏季） | B56: =IF(B4="",SUM(B23:B50),0) -> 24930 | C56: =IF(C4="",SUM(C23:C50),0) -> 25140 | D56: =IF(D4="",SUM(D23:D50),0) -> 0 | E56: =IF(E4="",SUM(E23:E50),0) -> 24102 | F56: =IF(F4="",SUM(F23:F50),0) -> 24306 | G56: =IF(G4="",SUM(G23:G50),0) -> 16038 | H56: =IF(H4="",SUM(H23:H50),0) -> 24372 | I56: =IF(I4="",SUM(I23:I50),0) -> 22002 | ... AF56: =IF(AF4="",SUM(AF23:AF50),0) -> 0 | AG56: =SUM(B56:AF56) -> 584124
A57: 夜間及び休日 | B57: =IF(B4="",SUM(B7:B22,B51:B54),SUM(B7:B54)) -> 18024 | C57: =IF(C4="",SUM(C7:C22,C51:C54),SUM(C7:C54)) -> 18030 | D57: =IF(D4="",SUM(D7:D22,D51:D54),SUM(D7:D54)) -> 43344 | E57: =IF(E4="",SUM(E7:E22,E51:E54),SUM(E7:E54)) -> 17898 | F57: =IF(F4="",SUM(F7:F22,F51:F54),SUM(F7:F54)) -> 17970 | G57: =IF(G4="",SUM(G7:G22,G51:G54),SUM(G7:G54)) -> 18024 | H57: =IF(H4="",SUM(H7:H22,H51:H54),SUM(H7:H54)) -> 17994 | I57: =IF(I4="",SUM(I7:I22,I51:I54),SUM(I7:I54)) -> 17904 | ... AF57: =IF(AF4="",SUM(AF7:AF22,AF51:AF54),SUM(AF7:AF54)) -> 46074 | AG57: =SUM(B57:AF57) -> 709896
A59: 平均値 | B59: =AVERAGE(B7:B54) -> 894.875 | C59: =AVERAGE(C7:C54) -> 899.375 | D59: =AVERAGE(D7:D54) -> 903 | E59: =AVERAGE(E7:E54) -> 875 | F59: =AVERAGE(F7:F54) -> 880.75 | G59: =AVERAGE(G7:G54) -> 709.625 | H59: =AVERAGE(H7:H54) -> 882.625 | I59: =AVERAGE(I7:I54) -> 831.375 | ... AF59: =AVERAGE(AF7:AF54) -> 959.875
A60: 最大値 | B60: =MAX(B7:B54) -> 918 | C60: =MAX(C7:C54) -> 918 | D60: =MAX(D7:D54) -> 924 | E60: =MAX(E7:E54) -> 912 | F60: =MAX(F7:F54) -> 918 | G60: =MAX(G7:G54) -> 912 | H60: =MAX(H7:H54) -> 912 | I60: =MAX(I7:I54) -> 912 | ... AF60: =MAX(AF7:AF54) -> 984
A61: 最小値 | B61: =MIN(B7:B54) -> 876 | C61: =MIN(C7:C54) -> 882 | D61: =MIN(D7:D54) -> 882 | E61: =MIN(E7:E54) -> 798 | F61: =MIN(F7:F54) -> 828 | G61: =MIN(G7:G54) -> 0 | H61: =MIN(H7:H54) -> 846 | I61: =MIN(I7:I54) -> 0 | ... AF61: =MIN(AF7:AF54) -> 924

Sheet 9月
A1: ='4月'!A1 -> 令和７年度 時間帯別送電実績（３０分値）
A3: ='4月'!A3 -> 7 | B3: 9月 | AF3: 単位：ｋｗｈ
A4: =SUM(B4:AF4) -> 6 | B4: =IF(B6="日",1,"") | C4: =IF(C6="日",1,"") | D4: =IF(D6="日",1,"") | E4: =IF(E6="日",1,"") | F4: =IF(F6="日",1,"") | G4: =IF(G6="日",1,"") | H4: =IF(H6="日",1,"") -> 1 | I4: =IF(I6="日",1,"") | ... O4: =IF(O6="日",1,"") -> 1 | P4: 1 | Q4: =IF(Q6="日",1,"") | R4: =IF(R6="日",1,"") | S4: =IF(S6="日",1,"") | T4: =IF(T6="日",1,"") | U4: =IF(U6="日",1,"") | V4: =IF(V6="日",1,"") -> 1 | W4: =IF(W6="日",1,"") | X4: 1 | Y4: =IF(Y6="日",1,"") | Z4: =IF(Z6="日",1,"") | AA4: =IF(AA6="日",1,"") | AB4: =IF(AB6="日",1,"") | AC4: =IF(AC6="日",1,"") -> 1 | AD4: =IF(AD6="日",1,"") | AE4: =IF(AE6="日",1,"")
A5: 日 時間帯 | B5: ='8月'!AF5+1 -> 45901 | C5: =B5+1 -> 45902 | D5: =C5+1 -> 45903 | E5: =D5+1 -> 45904 | F5: =E5+1 -> 45905 | G5: =F5+1 -> 45906 | H5: =G5+1 -> 45907 | I5: =H5+1 -> 45908 | J5: =I5+1 -> 45909 | ... AE5: =AD5+1 -> 45930
B6: =TEXT(B5,"aaa") -> 月 | C6: =TEXT(C5,"aaa") -> 火 | D6: =TEXT(D5,"aaa") -> 水 | E6: =TEXT(E5,"aaa") -> 木 | F6: =TEXT(F5,"aaa") -> 金 | G6: =TEXT(G5,"aaa") -> 土 | H6: =TEXT(H5,"aaa") -> 日 | I6: =TEXT(I5,"aaa") -> 月 | ... AE6: =TEXT(AE5,"aaa") -> 火
A7: 0：30 | B7: 966 | C7: 954 | D7: 930 | E7: 936 | F7: 960 | G7: 930 | H7: 930 | I7: 924 | J7: 906 | K7: 942 | L7: 936 | M7: 0 | N7: 924 | O7: 936 | P7: 936 | Q7: 930 | R7: 924 | S7: 930 | T7: 930 | U7: 930 | V7: 936 | W7: 948 | X7: 930 | Y7: 948 | Z7: 858 | AA7: 816 | AB7: 924 | AC7: 930 | AD7: 924 | AE7: 888
A8: 1：00 | B8: 960 | C8: 960 | D8: 948 | E8: 924 | F8: 960 | G8: 930 | H8: 936 | I8: 936 | J8: 936 | K8: 930 | L8: 918 | M8: 0 | N8: 924 | O8: 936 | P8: 930 | Q8: 918 | R8: 930 | S8: 912 | T8: 918 | U8: 924 | V8: 924 | W8: 936 | X8: 954 | Y8: 936 | Z8: 852 | AA8: 864 | AB8: 930 | AC8: 924 | AD8: 906 | AE8: 888
A9: 1：30 | B9: 966 | C9: 966 | D9: 942 | E9: 966 | F9: 960 | G9: 936 | H9: 936 | I9: 936 | J9: 930 | K9: 936 | L9: 942 | M9: 282 | N9: 930 | O9: 924 | P9: 924 | Q9: 918 | R9: 930 | S9: 924 | T9: 930 | U9: 924 | V9: 936 | W9: 948 | X9: 948 | Y9: 942 | Z9: 852 | AA9: 828 | AB9: 930 | AC9: 942 | AD9: 918 | AE9: 888
A10: 2：00 | B10: 966 | C10: 960 | D10: 966 | E10: 954 | F10: 960 | G10: 930 | H10: 930 | I10: 924 | J10: 972 | K10: 948 | L10: 930 | M10: 810 | N10: 936 | O10: 942 | P10: 936 | Q10: 948 | R10: 930 | S10: 918 | T10: 936 | U10: 936 | V10: 930 | W10: 942 | X10: 948 | Y10: 948 | Z10: 876 | AA10: 834 | AB10: 918 | AC10: 936 | AD10: 918 | AE10: 900
A11: 2：30 | B11: 954 | C11: 918 | D11: 924 | E11: 954 | F11: 948 | G11: 924 | H11: 930 | I11: 924 | J11: 930 | K11: 906 | L11: 888 | M11: 840 | N11: 894 | O11: 888 | P11: 906 | Q11: 948 | R11: 918 | S11: 906 | T11: 924 | U11: 924 | V11: 924 | W11: 918 | X11: 876 | Y11: 870 | Z11: 780 | AA11: 786 | AB11: 852 | AC11: 936 | AD11: 924 | AE11: 894
A12: 3：00 | B12: 966 | C12: 930 | D12: 966 | E12: 954 | F12: 954 | G12: 924 | H12: 936 | I12: 912 | J12: 888 | K12: 900 | L12: 894 | M12: 840 | N12: 918 | O12: 900 | P12: 906 | Q12: 930 | R12: 930 | S12: 894 | T12: 930 | U12: 912 | V12: 918 | W12: 924 | X12: 888 | Y12: 876 | Z12: 774 | AA12: 780 | AB12: 870 | AC12: 930 | AD12: 924 | AE12: 894
A13: 3：30 | B13: 960 | C13: 960 | D13: 954 | E13: 966 | F13: 954 | G13: 924 | H13: 930 | I13: 936 | J13: 870 | K13: 936 | L13: 930 | M13: 882 | N13: 918 | O13: 924 | P13: 912 | Q13: 966 | R13: 966 | S13: 930 | T13: 924 | U13: 936 | V13: 924 | W13: 954 | X13: 954 | Y13: 954 | Z13: 846 | AA13: 834 | AB13: 930 | AC13: 942 | AD13: 924 | AE13: 900
A14: 4：00 | B14: 966 | C14: 960 | D14: 966 | E14: 960 | F14: 960 | G14: 930 | H14: 924 | I14: 936 | J14: 876 | K14: 942 | L14: 930 | M14: 930 | N14: 936 | O14: 936 | P14: 942 | Q14: 966 | R14: 966 | S14: 930 | T14: 942 | U14: 930 | V14: 942 | W14: 954 | X14: 948 | Y14: 948 | Z14: 882 | AA14: 852 | AB14: 942 | AC14: 936 | AD14: 930 | AE14: 906
A15: 4：30 | B15: 972 | C15: 966 | D15: 966 | E15: 948 | F15: 966 | G15: 930 | H15: 936 | I15: 924 | J15: 864 | K15: 942 | L15: 924 | M15: 930 | N15: 930 | O15: 936 | P15: 936 | Q15: 972 | R15: 960 | S15: 936 | T15: 930 | U15: 936 | V15: 930 | W15: 948 | X15: 948 | Y15: 948 | Z15: 858 | AA15: 852 | AB15: 930 | AC15: 936 | AD15: 936 | AE15: 894
A16: 5：00 | B16: 966 | C16: 960 | D16: 966 | E16: 966 | F16: 954 | G16: 924 | H16: 930 | I16: 930 | J16: 870 | K16: 948 | L16: 930 | M16: 936 | N16: 924 | O16: 936 | P16: 942 | Q16: 966 | R16: 972 | S16: 930 | T16: 948 | U16: 936 | V16: 942 | W16: 948 | X16: 948 | Y16: 942 | Z16: 864 | AA16: 846 | AB16: 936 | AC16: 930 | AD16: 924 | AE16: 894
A17: 5：30 | B17: 960 | C17: 966 | D17: 966 | E17: 960 | F17: 960 | G17: 936 | H17: 936 | I17: 966 | J17: 888 | K17: 978 | L17: 960 | M17: 930 | N17: 930 | O17: 936 | P17: 936 | Q17: 978 | R17: 966 | S17: 924 | T17: 936 | U17: 930 | V17: 924 | W17: 948 | X17: 948 | Y17: 942 | Z17: 858 | AA17: 846 | AB17: 912 | AC17: 936 | AD17: 912 | AE17: 900
A18: 6：00 | B18: 966 | C18: 954 | D18: 966 | E18: 978 | F18: 960 | G18: 936 | H18: 924 | I18: 972 | J18: 894 | K18: 972 | L18: 960 | M18: 936 | N18: 936 | O18: 930 | P18: 942 | Q18: 966 | R18: 966 | S18: 936 | T18: 936 | U18: 936 | V18: 936 | W18: 948 | X18: 954 | Y18: 948 | Z18: 846 | AA18: 840 | AB18: 930 | AC18: 936 | AD18: 918 | AE18: 894
... A52: 23：00 | B52: 960 | C52: 930 | D52: 924 | E52: 966 | F52: 912 | G52: 930 | H52: 930 | I52: 852 | J52: 936 | K52: 924 | L52: 0 | M52: 924 | N52: 924 | O52: 942 | P52: 924 | Q52: 918 | R52: 936 | S52: 918 | T52: 930 | U52: 942 | V52: 954 | W52: 948 | X52: 948 | Y52: 882 | Z52: 840 | AA52: 924 | AB52: 924 | AC52: 924 | AD52: 882 | AE52: 906
A53: 23：30 | B53: 960 | C53: 936 | D53: 936 | E53: 966 | F53: 924 | G53: 930 | H53: 918 | I53: 828 | J53: 942 | K53: 936 | L53: 0 | M53: 924 | N53: 930 | O53: 936 | P53: 930 | Q53: 936 | R53: 924 | S53: 930 | T53: 930 | U53: 930 | V53: 948 | W53: 930 | X53: 960 | Y53: 864 | Z53: 828 | AA53: 936 | AB53: 936 | AC53: 924 | AD53: 888 | AE53: 894 | AG53: =CONCATENATE(B3,"合計") -> 9月合計
A54: 24：00 | B54: 954 | C54: 930 | D54: 930 | E54: 960 | F54: 918 | G54: 930 | H54: 924 | I54: 846 | J54: 930 | K54: 924 | L54: 0 | M54: 930 | N54: 936 | O54: 936 | P54: 930 | Q54: 936 | R54: 924 | S54: 918 | T54: 936 | U54: 930 | V54: 942 | W54: 948 | X54: 948 | Y54: 846 | Z54: 852 | AA54: 924 | AB54: 930 | AC54: 924 | AD54: 888 | AE54: 906
A55: 計 | B55: =SUM(B7:B54) -> 44982 | C55: =SUM(C7:C54) -> 44502 | D55: =SUM(D7:D54) -> 42864 | E55: =SUM(E7:E54) -> 45270 | F55: =SUM(G7:G54) -> 44652 | G55: =SUM(F7:F54) -> 44628 | H55: =SUM(H7:H54) -> 44538 | I55: =SUM(I7:I54) -> 39180 | J55: =SUM(J7:J54) -> 43980 | K55: =SUM(K7:K54) -> 41958 | L55: =SUM(L7:L54) -> 37002 | M55: =SUM(N7:N54) -> 43872 | N55: =SUM(M7:M54) -> 40830 | O55: =SUM(O7:O54) -> 44544 | P55: =SUM(P7:P54) -> 44226 | Q55: =SUM(Q7:Q54) -> 44670 | R55: =SUM(R7:R54) -> 43950 | S55: =SUM(S7:S54) -> 38712 | T55: =SUM(U7:U54) -> 44340 | U55: =SUM(T7:T54) -> 44004 | V55: =SUM(X7:X54) -> 44688 | W55: =SUM(Y7:Y54) -> 41742 | X55: =SUM(V7:V54) -> 44502 | Y55: =SUM(W7:W54) -> 44184 | Z55: =SUM(Z7:Z54) -> 39714 | AA55: =SUM(AB7:AB54) -> 43890 | AB55: =SUM(AA7:AA54) -> 41478 | AC55: =SUM(AC7:AC54) -> 44556 | AD55: =SUM(AD7:AD54) -> 42762 | AE55: =SUM(AE7:AE54) -> 42564 | AG55: =SUM(B55:AE55) -> 1292784
A56: 平日昼間（夏季） | B56: =IF(B4="",SUM(B23:B50),0) -> 25788 | C56: =IF(C4="",SUM(C23:C50),0) -> 25500 | D56: =IF(D4="",SUM(D23:D50),0) -> 23850 | E56: =IF(E4="",SUM(E23:E50),0) -> 26148 | F56: =IF(F4="",SUM(F23:F50),0) -> 25662 | G56: =IF(G4="",SUM(G23:G50),0) -> 26028 | H56: =IF(H4="",SUM(H23:H50),0) -> 0 | I56: =IF(I4="",SUM(I23:I50),0) -> 20754 | ... AE56: =IF(AE4="",SUM(AE23:AE50),0) -> 24624 | AG56: =SUM(B56:AE56) -> 586938
A57: 夜間及び休日 | B57: =IF(B4="",SUM(B7:B22,B51:B54),SUM(B7:B54)) -> 19194 | C57: =IF(C4="",SUM(C7:C22,C51:C54),SUM(C7:C54)) -> 19002 | D57: =IF(D4="",SUM(D7:D22,D51:D54),SUM(D7:D54)) -> 19014 | E57: =IF(E4="",SUM(E7:E22,E51:E54),SUM(E7:E54)) -> 19122 | F57: =IF(F4="",SUM(F7:F22,F51:F54),SUM(F7:F54)) -> 18966 | G57: =IF(G4="",SUM(G7:G22,G51:G54),SUM(G7:G54)) -> 18624 | H57: =IF(H4="",SUM(H7:H22,H51:H54),SUM(H7:H54)) -> 44538 | I57: =IF(I4="",SUM(I7:I22,I51:I54),SUM(I7:I54)) -> 18426 | ... AE57: =IF(AE4="",SUM(AE7:AE22,AE51:AE54),SUM(AE7:AE54)) -> 17940 | AG57: =SUM(B57:AE57) -> 705846
A59: 平均値 | B59: =AVERAGE(B7:B54) -> 937.125 | C59: =AVERAGE(C7:C54) -> 927.125 | D59: =AVERAGE(D7:D54) -> 893 | E59: =AVERAGE(E7:E54) -> 943.125 | F59: =AVERAGE(G7:G54) -> 930.25 | G59: =AVERAGE(F7:F54) -> 929.75 | H59: =AVERAGE(H7:H54) -> 927.875 | I59: =AVERAGE(I7:I54) -> 816.25 | J59: =AVERAGE(J7:J54) -> 916.25 | K59: =AVERAGE(K7:K54) -> 874.125 | L59: =AVERAGE(L7:L54) -> 770.875 | M59: =AVERAGE(N7:N54) -> 914 | N59: =AVERAGE(M7:M54) -> 850.625 | O59: =AVERAGE(O7:O54) -> 928 | P59: =AVERAGE(P7:P54) -> 921.375 | Q59: =AVERAGE(Q7:Q54) -> 930.625 | R59: =AVERAGE(R7:R54) -> 915.625 | S59: =AVERAGE(S7:S54) -> 806.5 | T59: =AVERAGE(U7:U54) -> 923.75 | U59: =AVERAGE(T7:T54) -> 916.75 | V59: =AVERAGE(X7:X54) -> 931 | W59: =AVERAGE(Y7:Y54) -> 869.625 | X59: =AVERAGE(V7:V54) -> 927.125 | Y59: =AVERAGE(W7:W54) -> 920.5 | Z59: =AVERAGE(Z7:Z54) -> 827.375 | AA59: =AVERAGE(AB7:AB54) -> 914.375 | AB59: =AVERAGE(AA7:AA54) -> 864.125 | AC59: =AVERAGE(AC7:AC54) -> 928.25 | AD59: =AVERAGE(AD7:AD54) -> 890.875 | AE59: =AVERAGE(AE7:AE54) -> 886.75
A60: 最大値 | B60: =MAX(B7:B54) -> 972 | C60: =MAX(C7:C54) -> 966 | D60: =MAX(D7:D54) -> 966 | E60: =MAX(E7:E54) -> 978 | F60: =MAX(F7:F54) -> 966 | G60: =MAX(G7:G54) -> 942 | H60: =MAX(H7:H54) -> 942 | I60: =MAX(I7:I54) -> 972 | ... AE60: =MAX(AE7:AE54) -> 906
A61: 最小値 | B61: =MIN(B7:B54) -> 876 | C61: =MIN(C7:C54) -> 840 | D61: =MIN(D7:D54) -> 54 | E61: =MIN(E7:E54) -> 900 | F61: =MIN(F7:F54) -> 894 | G61: =MIN(G7:G54) -> 906 | H61: =MIN(H7:H54) -> 894 | I61: =MIN(I7:I54) -> 0 | ... AE61: =MIN(AE7:AE54) -> 858

Sheet 10月
A1: ='4月'!A1 -> 令和７年度 時間帯別送電実績（３０分値）
A3: ='4月'!A3 -> 7 | B3: 10月 | AF3: 単位：ｋｗｈ
A4: =SUM(B4:AF4) -> 5 | B4: =IF(B6="日",1,"") | C4: =IF(C6="日",1,"") | D4: =IF(D6="日",1,"") | E4: =IF(E6="日",1,"") | F4: =IF(F6="日",1,"") -> 1 | G4: =IF(G6="日",1,"") | H4: =IF(H6="日",1,"") | I4: =IF(I6="日",1,"") | ... M4: =IF(M6="日",1,"") -> 1 | N4: 1 | O4: =IF(O6="日",1,"") | P4: =IF(P6="日",1,"") | Q4: =IF(Q6="日",1,"") | R4: =IF(R6="日",1,"") | S4: =IF(S6="日",1,"") | T4: =IF(T6="日",1,"") -> 1 | U4: =IF(U6="日",1,"") | V4: =IF(V6="日",1,"") | ... AF4: =IF(AF6="日",1,"")
A5: 日 時間帯 | B5: ='9月'!AE5+1 -> 45931 | C5: =B5+1 -> 45932 | D5: =C5+1 -> 45933 | E5: =D5+1 -> 45934 | F5: =E5+1 -> 45935 | G5: =F5+1 -> 45936 | H5: =G5+1 -> 45937 | I5: =H5+1 -> 45938 | J5: =I5+1 -> 45939 | ... AF5: =AE5+1 -> 45961
B6: =TEXT(B5,"aaa") -> 水 | C6: =TEXT(C5,"aaa") -> 木 | D6: =TEXT(D5,"aaa") -> 金 | E6: =TEXT(E5,"aaa") -> 土 | F6: =TEXT(F5,"aaa") -> 日 | G6: =TEXT(G5,"aaa") -> 月 | H6: =TEXT(H5,"aaa") -> 火 | I6: =TEXT(I5,"aaa") -> 水 | ... AF6: =TEXT(AF5,"aaa") -> 金
A7: 0：30 | B7: 900 | C7: 0 | D7: 0 | E7: 0 | F7: 0 | G7: 0 | H7: 0 | I7: 0 | J7: 0 | K7: 0 | L7: 0 | M7: 0 | N7: 0 | O7: 0 | P7: 0 | Q7: 0 | R7: 0 | S7: 0 | T7: 0 | U7: 0 | V7: 0 | W7: 462 | X7: 996 | Y7: 996 | Z7: 996 | AA7: 1002 | AB7: 990 | AC7: 978 | AD7: 1002 | AE7: 990 | AF7: 984
A8: 1：00 | B8: 912 | C8: 0 | D8: 0 | E8: 0 | F8: 0 | G8: 0 | H8: 0 | I8: 0 | J8: 0 | K8: 0 | L8: 0 | M8: 0 | N8: 0 | O8: 0 | P8: 0 | Q8: 0 | R8: 0 | S8: 0 | T8: 0 | U8: 0 | V8: 0 | W8: 462 | X8: 996 | Y8: 990 | Z8: 996 | AA8: 990 | AB8: 990 | AC8: 990 | AD8: 984 | AE8: 990 | AF8: 984
A9: 1：30 | B9: 900 | C9: 0 | D9: 0 | E9: 0 | F9: 0 | G9: 0 | H9: 0 | I9: 0 | J9: 0 | K9: 0 | L9: 0 | M9: 0 | N9: 0 | O9: 0 | P9: 0 | Q9: 0 | R9: 0 | S9: 0 | T9: 0 | U9: 0 | V9: 0 | W9: 468 | X9: 990 | Y9: 996 | Z9: 1002 | AA9: 990 | AB9: 990 | AC9: 996 | AD9: 1002 | AE9: 990 | AF9: 990
A10: 2：00 | B10: 906 | C10: 0 | D10: 0 | E10: 0 | F10: 0 | G10: 0 | H10: 0 | I10: 0 | J10: 0 | K10: 0 | L10: 0 | M10: 0 | N10: 0 | O10: 0 | P10: 0 | Q10: 0 | R10: 0 | S10: 0 | T10: 0 | U10: 0 | V10: 0 | W10: 480 | X10: 1002 | Y10: 1002 | Z10: 984 | AA10: 990 | AB10: 996 | AC10: 984 | AD10: 996 | AE10: 996 | AF10: 984
A11: 2：30 | B11: 900 | C11: 0 | D11: 0 | E11: 0 | F11: 0 | G11: 0 | H11: 0 | I11: 0 | J11: 0 | K11: 0 | L11: 0 | M11: 0 | N11: 0 | O11: 0 | P11: 0 | Q11: 0 | R11: 0 | S11: 0 | T11: 0 | U11: 0 | V11: 0 | W11: 474 | X11: 996 | Y11: 996 | Z11: 996 | AA11: 996 | AB11: 990 | AC11: 978 | AD11: 990 | AE11: 990 | AF11: 990
A12: 3：00 | B12: 906 | C12: 0 | D12: 0 | E12: 0 | F12: 0 | G12: 0 | H12: 0 | I12: 0 | J12: 0 | K12: 0 | L12: 0 | M12: 0 | N12: 0 | O12: 0 | P12: 0 | Q12: 0 | R12: 0 | S12: 0 | T12: 0 | U12: 0 | V12: 0 | W12: 396 | X12: 1002 | Y12: 1002 | Z12: 990 | AA12: 990 | AB12: 984 | AC12: 978 | AD12: 984 | AE12: 990 | AF12: 984
A13: 3：30 | B13: 900 | C13: 0 | D13: 0 | E13: 0 | F13: 0 | G13: 0 | H13: 0 | I13: 0 | J13: 0 | K13: 0 | L13: 0 | M13: 0 | N13: 0 | O13: 0 | P13: 0 | Q13: 0 | R13: 0 | S13: 0 | T13: 0 | U13: 0 | V13: 0 | W13: 534 | X13: 1002 | Y13: 1008 | Z13: 1002 | AA13: 1002 | AB13: 990 | AC13: 996 | AD13: 990 | AE13: 990 | AF13: 990
A14: 4：00 | B14: 894 | C14: 0 | D14: 0 | E14: 0 | F14: 0 | G14: 0 | H14: 0 | I14: 0 | J14: 0 | K14: 0 | L14: 0 | M14: 0 | N14: 0 | O14: 0 | P14: 0 | Q14: 0 | R14: 0 | S14: 0 | T14: 0 | U14: 0 | V14: 0 | W14: 504 | X14: 996 | Y14: 1002 | Z14: 1002 | AA14: 990 | AB14: 996 | AC14: 996 | AD14: 1002 | AE14: 996 | AF14: 984
A15: 4：30 | B15: 918 | C15: 0 | D15: 0 | E15: 0 | F15: 0 | G15: 0 | H15: 0 | I15: 0 | J15: 0 | K15: 0 | L15: 0 | M15: 0 | N15: 0 | O15: 0 | P15: 0 | Q15: 0 | R15: 0 | S15: 0 | T15: 0 | U15: 0 | V15: 0 | W15: 498 | X15: 1002 | Y15: 1008 | Z15: 1002 | AA15: 996 | AB15: 996 | AC15: 990 | AD15: 990 | AE15: 990 | AF15: 984
A16: 5：00 | B16: 900 | C16: 0 | D16: 0 | E16: 0 | F16: 0 | G16: 0 | H16: 0 | I16: 0 | J16: 0 | K16: 0 | L16: 0 | M16: 0 | N16: 0 | O16: 0 | P16: 0 | Q16: 0 | R16: 0 | S16: 0 | T16: 0 | U16: 0 | V16: 0 | W16: 480 | X16: 1002 | Y16: 1008 | Z16: 996 | AA16: 996 | AB16: 990 | AC16: 1002 | AD16: 990 | AE16: 990 | AF16: 978
A17: 5：30 | B17: 906 | C17: 0 | D17: 0 | E17: 0 | F17: 0 | G17: 0 | H17: 0 | I17: 0 | J17: 0 | K17: 0 | L17: 0 | M17: 0 | N17: 0 | O17: 0 | P17: 0 | Q17: 0 | R17: 0 | S17: 0 | T17: 0 | U17: 0 | V17: 0 | W17: 510 | X17: 1002 | Y17: 1002 | Z17: 996 | AA17: 996 | AB17: 996 | AC17: 990 | AD17: 996 | AE17: 1002 | AF17: 990
A18: 6：00 | B18: 906 | C18: 0 | D18: 0 | E18: 0 | F18: 0 | G18: 0 | H18: 0 | I18: 0 | J18: 0 | K18: 0 | L18: 0 | M18: 0 | N18: 0 | O18: 0 | P18: 0 | Q18: 0 | R18: 0 | S18: 0 | T18: 0 | U18: 0 | V18: 0 | W18: 504 | X18: 1014 | Y18: 1002 | Z18: 996 | AA18: 990 | AB18: 990 | AC18: 996 | AD18: 996 | AE18: 990 | AF18: 978
... A52: 23：00 | B52: 0 | C52: 0 | D52: 0 | E52: 0 | F52: 0 | G52: 0 | H52: 0 | I52: 0 | J52: 0 | K52: 0 | L52: 0 | M52: 0 | N52: 0 | O52: 0 | P52: 0 | Q52: 0 | R52: 0 | S52: 0 | T52: 0 | U52: 0 | V52: 480 | W52: 1002 | X52: 996 | Y52: 996 | Z52: 996 | AA52: 978 | AB52: 990 | AC52: 996 | AD52: 978 | AE52: 978 | AF52: 1002
A53: 23：30 | B53: 0 | C53: 0 | D53: 0 | E53: 0 | F53: 0 | G53: 0 | H53: 0 | I53: 0 | J53: 0 | K53: 0 | L53: 0 | M53: 0 | N53: 0 | O53: 0 | P53: 0 | Q53: 0 | R53: 0 | S53: 0 | T53: 0 | U53: 0 | V53: 474 | W53: 996 | X53: 1008 | Y53: 1008 | Z53: 996 | AA53: 990 | AB53: 996 | AC53: 996 | AD53: 996 | AE53: 990 | AF53: 990 | AG53: =CONCATENATE(B3,"合計") -> 10月合計
A54: 24：00 | B54: 0 | C54: 0 | D54: 0 | E54: 0 | F54: 0 | G54: 0 | H54: 0 | I54: 0 | J54: 0 | K54: 0 | L54: 0 | M54: 0 | N54: 0 | O54: 0 | P54: 0 | Q54: 0 | R54: 0 | S54: 0 | T54: 0 | U54: 0 | V54: 462 | W54: 1002 | X54: 1014 | Y54: 1002 | Z54: 990 | AA54: 996 | AB54: 1002 | AC54: 990 | AD54: 996 | AE54: 990 | AF54: 990
A55: 計 | B55: =SUM(B7:B54) -> 19590 | C55: =SUM(C7:C54) -> 0 | D55: =SUM(D7:D54) -> 0 | E55: =SUM(E7:E54) -> 0 | F55: =SUM(F7:F54) -> 0 | G55: =SUM(G7:G54) -> 0 | H55: =SUM(H7:H54) -> 0 | I55: =SUM(I7:I54) -> 0 | ... AF55: =SUM(AF7:AF54) -> 46686 | AG55: =SUM(B55:AF55) -> 492162
A56: 平日昼間（その他季） | B56: =IF(B4="",SUM(B23:B50),0) -> 5118 | C56: =IF(C4="",SUM(C23:C50),0) -> 0 | D56: =IF(D4="",SUM(D23:D50),0) -> 0 | E56: =IF(E4="",SUM(E23:E50),0) -> 0 | F56: =IF(F4="",SUM(F23:F50),0) -> 0 | G56: =IF(G4="",SUM(G23:G50),0) -> 0 | H56: =IF(H4="",SUM(H23:H50),0) -> 0 | I56: =IF(I4="",SUM(I23:I50),0) -> 0 | ... AF56: =IF(AF4="",SUM(AF23:AF50),0) -> 26976 | AG56: =SUM(B56:AF56) -> 257304
A57: 夜間及び休日 | B57: =IF(B4="",SUM(B7:B22,B51:B54),SUM(B7:B54)) -> 14472 | C57: =IF(C4="",SUM(C7:C22,C51:C54),SUM(C7:C54)) -> 0 | D57: =IF(D4="",SUM(D7:D22,D51:D54),SUM(D7:D54)) -> 0 | E57: =IF(E4="",SUM(E7:E22,E51:E54),SUM(E7:E54)) -> 0 | F57: =IF(F4="",SUM(F7:F22,F51:F54),SUM(F7:F54)) -> 0 | G57: =IF(G4="",SUM(G7:G22,G51:G54),SUM(G7:G54)) -> 0 | H57: =IF(H4="",SUM(H7:H22,H51:H54),SUM(H7:H54)) -> 0 | I57: =IF(I4="",SUM(I7:I22,I51:I54),SUM(I7:I54)) -> 0 | ... AF57: =IF(AF4="",SUM(AF7:AF22,AF51:AF54),SUM(AF7:AF54)) -> 19710 | AG57: =SUM(B57:AF57) -> 234858
A59: 平均値 | B59: =AVERAGE(B7:B54) -> 408.125 | C59: =AVERAGE(C7:C54) -> 0 | D59: =AVERAGE(D7:D54) -> 0 | E59: =AVERAGE(E7:E54) -> 0 | F59: =AVERAGE(F7:F54) -> 0 | G59: =AVERAGE(G7:G54) -> 0 | H59: =AVERAGE(H7:H54) -> 0 | I59: =AVERAGE(I7:I54) -> 0 | ... AF59: =AVERAGE(AF7:AF54) -> 972.625
A60: 最大値 | B60: =MAX(B7:B54) -> 918 | C60: =MAX(C7:C54) -> 0 | D60: =MAX(D7:D54) -> 0 | E60: =MAX(E7:E54) -> 0 | F60: =MAX(F7:F54) -> 0 | G60: =MAX(G7:G54) -> 0 | H60: =MAX(H7:H54) -> 0 | I60: =MAX(I7:I54) -> 0 | ... AF60: =MAX(AF7:AF54) -> 1002
A61: 最小値 | B61: =MIN(B7:B54) -> 0 | C61: =MIN(C7:C54) -> 0 | D61: =MIN(D7:D54) -> 0 | E61: =MIN(E7:E54) -> 0 | F61: =MIN(F7:F54) -> 0 | G61: =MIN(G7:G54) -> 0 | H61: =MIN(H7:H54) -> 0 | I61: =MIN(I7:I54) -> 0 | ... AF61: =MIN(AF7:AF54) -> 942

Sheet 11月
A1: ='4月'!A1 -> 令和７年度 時間帯別送電実績（３０分値）
A3: ='4月'!A3 -> 7 | B3: 11月 | AF3: 単位：ｋｗｈ
A4: =SUM(B4:AF4) -> 7 | B4: =IF(B6="日",1,"") | C4: =IF(C6="日",1,"") -> 1 | D4: 1 | E4: =IF(E6="日",1,"") | F4: =IF(F6="日",1,"") | G4: =IF(G6="日",1,"") | H4: =IF(H6="日",1,"") | I4: =IF(I6="日",1,"") | J4: =IF(J6="日",1,"") -> 1 | K4: =IF(K6="日",1,"") | L4: =IF(L6="日",1,"") | ... W4: =IF(W6="日",1,"") | X4: 1 | Y4: 1 | Z4: =IF(Z6="日",1,"") | AA4: =IF(AA6="日",1,"") | AB4: =IF(AB6="日",1,"") | AC4: =IF(AC6="日",1,"") | AD4: =IF(AD6="日",1,"") | AE4: =IF(AE6="日",1,"") -> 1
A5: 日 時間帯 | B5: ='10月'!AF5+1 -> 45962 | C5: =B5+1 -> 45963 | D5: =C5+1 -> 45964 | E5: =D5+1 -> 45965 | F5: =E5+1 -> 45966 | G5: =F5+1 -> 45967 | H5: =G5+1 -> 45968 | I5: =H5+1 -> 45969 | J5: =I5+1 -> 45970 | ... AE5: =AD5+1 -> 45991
B6: =TEXT(B5,"aaa") -> 土 | C6: =TEXT(C5,"aaa") -> 日 | D6: =TEXT(D5,"aaa") -> 月 | E6: =TEXT(E5,"aaa") -> 火 | F6: =TEXT(F5,"aaa") -> 水 | G6: =TEXT(G5,"aaa") -> 木 | H6: =TEXT(H5,"aaa") -> 金 | I6: =TEXT(I5,"aaa") -> 土 | ... AE6: =TEXT(AE5,"aaa") -> 日
A7: 0：30 | B7: 990 | C7: 978 | D7: 984 | E7: 990 | F7: 972 | G7: 954 | H7: 966 | I7: 978 | J7: 978 | K7: 990 | L7: 990 | M7: 996 | N7: 990 | O7: 990 | P7: 984 | Q7: 984 | R7: 978 | S7: 984 | T7: 990 | U7: 990 | V7: 990 | W7: 984 | X7: 996 | Y7: 978 | Z7: 990 | AA7: 1002 | AB7: 978 | AC7: 972 | AD7: 984 | AE7: 984
A8: 1：00 | B8: 984 | C8: 984 | D8: 990 | E8: 990 | F8: 984 | G8: 960 | H8: 966 | I8: 978 | J8: 1002 | K8: 984 | L8: 996 | M8: 996 | N8: 978 | O8: 978 | P8: 990 | Q8: 990 | R8: 984 | S8: 984 | T8: 984 | U8: 984 | V8: 978 | W8: 984 | X8: 984 | Y8: 984 | Z8: 990 | AA8: 1002 | AB8: 984 | AC8: 972 | AD8: 984 | AE8: 990
A9: 1：30 | B9: 984 | C9: 978 | D9: 996 | E9: 996 | F9: 984 | G9: 966 | H9: 972 | I9: 978 | J9: 990 | K9: 996 | L9: 996 | M9: 996 | N9: 990 | O9: 990 | P9: 984 | Q9: 990 | R9: 990 | S9: 990 | T9: 996 | U9: 984 | V9: 990 | W9: 990 | X9: 990 | Y9: 990 | Z9: 990 | AA9: 1020 | AB9: 984 | AC9: 990 | AD9: 990 | AE9: 984
A10: 2：00 | B10: 984 | C10: 990 | D10: 984 | E10: 990 | F10: 978 | G10: 966 | H10: 972 | I10: 984 | J10: 1008 | K10: 990 | L10: 996 | M10: 996 | N10: 1014 | O10: 984 | P10: 996 | Q10: 996 | R10: 996 | S10: 996 | T10: 996 | U10: 984 | V10: 972 | W10: 984 | X10: 996 | Y10: 996 | Z10: 1044 | AA10: 1020 | AB10: 1044 | AC10: 1038 | AD10: 990 | AE10: 990
A11: 2：30 | B11: 978 | C11: 978 | D11: 978 | E11: 984 | F11: 990 | G11: 966 | H11: 984 | I11: 984 | J11: 984 | K11: 996 | L11: 990 | M11: 1002 | N11: 1056 | O11: 984 | P11: 966 | Q11: 978 | R11: 960 | S11: 984 | T11: 984 | U11: 954 | V11: 978 | W11: 984 | X11: 1002 | Y11: 990 | Z11: 1038 | AA11: 1020 | AB11: 1050 | AC11: 1032 | AD11: 972 | AE11: 972
A12: 3：00 | B12: 990 | C12: 990 | D12: 990 | E12: 990 | F12: 990 | G12: 966 | H12: 972 | I12: 978 | J12: 984 | K12: 996 | L12: 984 | M12: 972 | N12: 1056 | O12: 984 | P12: 978 | Q12: 984 | R12: 984 | S12: 990 | T12: 960 | U12: 996 | V12: 972 | W12: 966 | X12: 966 | Y12: 990 | Z12: 1056 | AA12: 1032 | AB12: 1044 | AC12: 1032 | AD12: 966 | AE12: 978
A13: 3：30 | B13: 984 | C13: 990 | D13: 984 | E13: 996 | F13: 996 | G13: 966 | H13: 984 | I13: 966 | J13: 996 | K13: 990 | L13: 990 | M13: 996 | N13: 1056 | O13: 1050 | P13: 978 | Q13: 990 | R13: 990 | S13: 972 | T13: 990 | U13: 996 | V13: 990 | W13: 978 | X13: 990 | Y13: 996 | Z13: 1062 | AA13: 1050 | AB13: 1038 | AC13: 1044 | AD13: 990 | AE13: 966
A14: 4：00 | B14: 990 | C14: 990 | D14: 984 | E14: 984 | F14: 984 | G14: 966 | H14: 972 | I14: 972 | J14: 996 | K14: 996 | L14: 984 | M14: 990 | N14: 1056 | O14: 1056 | P14: 978 | Q14: 978 | R14: 984 | S14: 984 | T14: 984 | U14: 990 | V14: 990 | W14: 978 | X14: 996 | Y14: 984 | Z14: 1056 | AA14: 1050 | AB14: 1056 | AC14: 1044 | AD14: 990 | AE14: 990
A15: 4：30 | B15: 990 | C15: 978 | D15: 990 | E15: 990 | F15: 990 | G15: 960 | H15: 978 | I15: 978 | J15: 1002 | K15: 990 | L15: 990 | M15: 996 | N15: 1062 | O15: 1050 | P15: 984 | Q15: 990 | R15: 984 | S15: 996 | T15: 984 | U15: 978 | V15: 984 | W15: 984 | X15: 990 | Y15: 984 | Z15: 1050 | AA15: 1044 | AB15: 1050 | AC15: 1044 | AD15: 984 | AE15: 990
A16: 5：00 | B16: 984 | C16: 990 | D16: 984 | E16: 990 | F16: 984 | G16: 960 | H16: 972 | I16: 966 | J16: 984 | K16: 996 | L16: 990 | M16: 990 | N16: 1056 | O16: 1056 | P16: 984 | Q16: 990 | R16: 984 | S16: 990 | T16: 984 | U16: 984 | V16: 990 | W16: 990 | X16: 996 | Y16: 990 | Z16: 1050 | AA16: 1050 | AB16: 1056 | AC16: 1050 | AD16: 984 | AE16: 990
A17: 5：30 | B17: 990 | C17: 990 | D17: 990 | E17: 996 | F17: 990 | G17: 960 | H17: 978 | I17: 990 | J17: 1002 | K17: 984 | L17: 1002 | M17: 996 | N17: 1062 | O17: 1056 | P17: 996 | Q17: 996 | R17: 984 | S17: 990 | T17: 984 | U17: 984 | V17: 978 | W17: 990 | X17: 996 | Y17: 990 | Z17: 1050 | AA17: 1050 | AB17: 1050 | AC17: 1044 | AD17: 990 | AE17: 990
A18: 6：00 | B18: 990 | C18: 996 | D18: 984 | E18: 996 | F18: 990 | G18: 972 | H18: 972 | I18: 978 | J18: 996 | K18: 996 | L18: 990 | M18: 996 | N18: 1062 | O18: 1062 | P18: 984 | Q18: 996 | R18: 990 | S18: 1002 | T18: 996 | U18: 978 | V18: 972 | W18: 984 | X18: 990 | Y18: 996 | Z18: 1062 | AA18: 1056 | AB18: 1038 | AC18: 1038 | AD18: 984 | AE18: 984
... A52: 23：00 | B52: 978 | C52: 996 | D52: 990 | E52: 984 | F52: 966 | G52: 984 | H52: 972 | I52: 990 | J52: 1002 | K52: 1002 | L52: 1002 | M52: 996 | N52: 990 | O52: 990 | P52: 990 | Q52: 1002 | R52: 990 | S52: 984 | T52: 990 | U52: 984 | V52: 990 | W52: 996 | X52: 984 | Y52: 990 | Z52: 1008 | AA52: 966 | AB52: 966 | AC52: 978 | AD52: 990 | AE52: 990
A53: 23：30 | B53: 984 | C53: 996 | D53: 996 | E53: 972 | F53: 966 | G53: 966 | H53: 978 | I53: 978 | J53: 996 | K53: 996 | L53: 1008 | M53: 990 | N53: 990 | O53: 996 | P53: 984 | Q53: 990 | R53: 990 | S53: 984 | T53: 990 | U53: 996 | V53: 984 | W53: 990 | X53: 972 | Y53: 984 | Z53: 1008 | AA53: 972 | AB53: 978 | AC53: 984 | AD53: 990 | AE53: 978 | AG53: =CONCATENATE(B3,"合計") -> 11月合計
A54: 24：00 | B54: 978 | C54: 990 | D54: 996 | E54: 978 | F54: 966 | G54: 984 | H54: 984 | I54: 978 | J54: 996 | K54: 996 | L54: 990 | M54: 990 | N54: 984 | O54: 990 | P54: 996 | Q54: 984 | R54: 984 | S54: 984 | T54: 984 | U54: 990 | V54: 984 | W54: 990 | X54: 984 | Y54: 990 | Z54: 1008 | AA54: 978 | AB54: 966 | AC54: 984 | AD54: 990 | AE54: 984
A55: 計 | B55: =SUM(B7:B54) -> 46896 | C55: =SUM(C7:C54) -> 47328 | D55: =SUM(D7:D54) -> 47760 | E55: =SUM(E7:E54) -> 47070 | F55: =SUM(F7:F54) -> 46818 | G55: =SUM(G7:G54) -> 46596 | H55: =SUM(H7:H54) -> 46602 | I55: =SUM(I7:I54) -> 46968 | ... AE55: =SUM(AE7:AE54) -> 47100 | AG55: =SUM(B55:AE55) -> 1413294
A56: 平日昼間（その他季） | B56: =IF(B4="",SUM(B23:B50),0) -> 27222 | C56: =IF(C4="",SUM(C23:C50),0) -> 0 | D56: =IF(D4="",SUM(D23:D50),0) -> 0 | E56: =IF(E4="",SUM(E23:E50),0) -> 27312 | F56: =IF(F4="",SUM(F23:F50),0) -> 27150 | G56: =IF(G4="",SUM(G23:G50),0) -> 27216 | H56: =IF(H4="",SUM(H23:H50),0) -> 27090 | I56: =IF(I4="",SUM(I23:I50),0) -> 27348 | ... AE56: =IF(AE4="",SUM(AE23:AE50),0) -> 0 | AG56: =SUM(B56:AE56) -> 623112
A57: 夜間及び休日 | B57: =IF(B4="",SUM(B7:B22,B51:B54),SUM(B7:B54)) -> 19674 | C57: =IF(C4="",SUM(C7:C22,C51:C54),SUM(C7:C54)) -> 47328 | D57: =IF(D4="",SUM(D7:D22,D51:D54),SUM(D7:D54)) -> 47760 | E57: =IF(E4="",SUM(E7:E22,E51:E54),SUM(E7:E54)) -> 19758 | F57: =IF(F4="",SUM(F7:F22,F51:F54),SUM(F7:F54)) -> 19668 | G57: =IF(G4="",SUM(G7:G22,G51:G54),SUM(G7:G54)) -> 19380 | H57: =IF(H4="",SUM(H7:H22,H51:H54),SUM(H7:H54)) -> 19512 | I57: =IF(I4="",SUM(I7:I22,I51:I54),SUM(I7:I54)) -> 19620 | ... AE57: =IF(AE4="",SUM(AE7:AE22,AE51:AE54),SUM(AE7:AE54)) -> 47100 | AG57: =SUM(B57:AE57) -> 790182
A59: 平均値 | B59: =AVERAGE(B7:B54) -> 977 | C59: =AVERAGE(C7:C54) -> 986 | D59: =AVERAGE(D7:D54) -> 995 | E59: =AVERAGE(E7:E54) -> 980.625 | F59: =AVERAGE(F7:F54) -> 975.375 | G59: =AVERAGE(G7:G54) -> 970.75 | H59: =AVERAGE(H7:H54) -> 970.875 | I59: =AVERAGE(I7:I54) -> 978.5 | ... AE59: =AVERAGE(AE7:AE54) -> 981.25
A60: 最大値 | B60: =MAX(B7:B54) -> 990 | C60: =MAX(C7:C54) -> 996 | D60: =MAX(D7:D54) -> 1026 | E60: =MAX(E7:E54) -> 1020 | F60: =MAX(F7:F54) -> 1002 | G60: =MAX(G7:G54) -> 996 | H60: =MAX(H7:H54) -> 990 | I60: =MAX(I7:I54) -> 1002 | ... AE60: =MAX(AE7:AE54) -> 990
A61: 最小値 | B61: =MIN(B7:B54) -> 954 | C61: =MIN(C7:C54) -> 972 | D61: =MIN(D7:D54) -> 978 | E61: =MIN(E7:E54) -> 954 | F61: =MIN(F7:F54) -> 948 | G61: =MIN(G7:G54) -> 954 | H61: =MIN(H7:H54) -> 942 | I61: =MIN(I7:I54) -> 960 | ... AE61: =MIN(AE7:AE54) -> 948

Sheet 12月
A1: ='4月'!A1 -> 令和７年度 時間帯別送電実績（３０分値）
A3: ='4月'!A3 -> 7 | B3: 12月 | AF3: 単位：ｋｗｈ
A4: =SUM(B4:AF4) -> 6 | B4: =IF(B6="日",1,"") | C4: =IF(C6="日",1,"") | D4: =IF(D6="日",1,"") | E4: =IF(E6="日",1,"") | F4: =IF(F6="日",1,"") | G4: =IF(G6="日",1,"") | H4: =IF(H6="日",1,"") -> 1 | I4: =IF(I6="日",1,"") | ... AD4: =IF(AD6="日",1,"") | AE4: 1 | AF4: 1
A5: 日 時間帯 | B5: ='11月'!AE5+1 -> 45992 | C5: =B5+1 -> 45993 | D5: =C5+1 -> 45994 | E5: =D5+1 -> 45995 | F5: =E5+1 -> 45996 | G5: =F5+1 -> 45997 | H5: =G5+1 -> 45998 | I5: =H5+1 -> 45999 | J5: =I5+1 -> 46000 | ... AF5: =AE5+1 -> 46022
B6: =TEXT(B5,"aaa") -> 月 | C6: =TEXT(C5,"aaa") -> 火 | D6: =TEXT(D5,"aaa") -> 水 | E6: =TEXT(E5,"aaa") -> 木 | F6: =TEXT(F5,"aaa") -> 金 | G6: =TEXT(G5,"aaa") -> 土 | H6: =TEXT(H5,"aaa") -> 日 | I6: =TEXT(I5,"aaa") -> 月 | ... AF6: =TEXT(AF5,"aaa") -> 水
A7: 0：30 | B7: 984 | C7: 972 | D7: 990 | E7: 978 | F7: 972 | G7: 978 | H7: 990 | I7: 996 | J7: 984 | K7: 984 | L7: 978 | M7: 990 | N7: 990 | O7: 978 | P7: 984 | Q7: 960 | R7: 978 | S7: 978 | T7: 978 | U7: 966 | V7: 972 | W7: 984 | X7: 972 | Y7: 978 | Z7: 960 | AA7: 930 | AB7: 978 | AC7: 942 | AD7: 936 | AE7: 924 | AF7: 948
A8: 1：00 | B8: 978 | C8: 966 | D8: 972 | E8: 966 | F8: 978 | G8: 990 | H8: 990 | I8: 990 | J8: 978 | K8: 978 | L8: 966 | M8: 990 | N8: 978 | O8: 990 | P8: 996 | Q8: 966 | R8: 966 | S8: 972 | T8: 978 | U8: 978 | V8: 996 | W8: 984 | X8: 972 | Y8: 966 | Z8: 966 | AA8: 948 | AB8: 954 | AC8: 948 | AD8: 936 | AE8: 930 | AF8: 942
A9: 1：30 | B9: 990 | C9: 978 | D9: 984 | E9: 978 | F9: 978 | G9: 990 | H9: 996 | I9: 990 | J9: 978 | K9: 972 | L9: 978 | M9: 996 | N9: 990 | O9: 984 | P9: 990 | Q9: 972 | R9: 972 | S9: 978 | T9: 990 | U9: 990 | V9: 984 | W9: 978 | X9: 990 | Y9: 984 | Z9: 972 | AA9: 936 | AB9: 960 | AC9: 942 | AD9: 960 | AE9: 942 | AF9: 942
A10: 2：00 | B10: 978 | C10: 966 | D10: 972 | E10: 984 | F10: 990 | G10: 990 | H10: 996 | I10: 1002 | J10: 978 | K10: 984 | L10: 972 | M10: 1002 | N10: 996 | O10: 990 | P10: 1002 | Q10: 978 | R10: 972 | S10: 972 | T10: 990 | U10: 984 | V10: 990 | W10: 990 | X10: 966 | Y10: 984 | Z10: 954 | AA10: 930 | AB10: 960 | AC10: 942 | AD10: 930 | AE10: 930 | AF10: 936
A11: 2：30 | B11: 960 | C11: 936 | D11: 936 | E11: 936 | F11: 966 | G11: 954 | H11: 948 | I11: 984 | J11: 948 | K11: 930 | L11: 930 | M11: 996 | N11: 948 | O11: 960 | P11: 966 | Q11: 966 | R11: 942 | S11: 960 | T11: 960 | U11: 924 | V11: 960 | W11: 930 | X11: 936 | Y11: 966 | Z11: 936 | AA11: 852 | AB11: 870 | AC11: 858 | AD11: 864 | AE11: 858 | AF11: 840
A12: 3：00 | B12: 942 | C12: 942 | D12: 942 | E12: 948 | F12: 930 | G12: 960 | H12: 966 | I12: 966 | J12: 978 | K12: 936 | L12: 936 | M12: 960 | N12: 930 | O12: 948 | P12: 960 | Q12: 936 | R12: 954 | S12: 936 | T12: 936 | U12: 948 | V12: 954 | W12: 966 | X12: 930 | Y12: 954 | Z12: 924 | AA12: 870 | AB12: 876 | AC12: 858 | AD12: 840 | AE12: 858 | AF12: 888
A13: 3：30 | B13: 978 | C13: 978 | D13: 978 | E13: 972 | F13: 942 | G13: 990 | H13: 990 | I13: 942 | J13: 960 | K13: 972 | L13: 972 | M13: 984 | N13: 984 | O13: 996 | P13: 996 | Q13: 924 | R13: 978 | S13: 972 | T13: 972 | U13: 972 | V13: 954 | W13: 984 | X13: 984 | Y13: 936 | Z13: 984 | AA13: 936 | AB13: 924 | AC13: 924 | AD13: 924 | AE13: 924 | AF13: 924
A14: 4：00 | B14: 984 | C14: 978 | D14: 984 | E14: 966 | F14: 984 | G14: 978 | H14: 978 | I14: 990 | J14: 984 | K14: 972 | L14: 972 | M14: 990 | N14: 984 | O14: 990 | P14: 978 | Q14: 972 | R14: 978 | S14: 978 | T14: 972 | U14: 972 | V14: 978 | W14: 990 | X14: 978 | Y14: 1050 | Z14: 1026 | AA14: 930 | AB14: 936 | AC14: 930 | AD14: 936 | AE14: 942 | AF14: 924
A15: 4：30 | B15: 972 | C15: 972 | D15: 984 | E15: 966 | F15: 978 | G15: 984 | H15: 996 | I15: 990 | J15: 978 | K15: 972 | L15: 972 | M15: 996 | N15: 990 | O15: 984 | P15: 990 | Q15: 978 | R15: 966 | S15: 966 | T15: 984 | U15: 972 | V15: 990 | W15: 984 | X15: 984 | Y15: 1044 | Z15: 1038 | AA15: 930 | AB15: 942 | AC15: 948 | AD15: 942 | AE15: 930 | AF15: 936
A16: 5：00 | B16: 978 | C16: 978 | D16: 978 | E16: 972 | F16: 984 | G16: 978 | H16: 990 | I16: 996 | J16: 984 | K16: 972 | L16: 978 | M16: 990 | N16: 984 | O16: 984 | P16: 990 | Q16: 972 | R16: 972 | S16: 972 | T16: 972 | U16: 966 | V16: 972 | W16: 984 | X16: 984 | Y16: 1044 | Z16: 1032 | AA16: 936 | AB16: 942 | AC16: 960 | AD16: 948 | AE16: 936 | AF16: 942
A17: 5：30 | B17: 978 | C17: 978 | D17: 978 | E17: 960 | F17: 966 | G17: 996 | H17: 996 | I17: 990 | J17: 972 | K17: 978 | L17: 972 | M17: 996 | N17: 978 | O17: 984 | P17: 1002 | Q17: 972 | R17: 978 | S17: 978 | T17: 972 | U17: 984 | V17: 990 | W17: 990 | X17: 990 | Y17: 1044 | Z17: 1038 | AA17: 954 | AB17: 942 | AC17: 948 | AD17: 930 | AE17: 936 | AF17: 954
A18: 6：00 | B18: 990 | C18: 978 | D18: 984 | E18: 972 | F18: 990 | G18: 990 | H18: 1002 | I18: 990 | J18: 990 | K18: 978 | L18: 978 | M18: 996 | N18: 990 | O18: 996 | P18: 1002 | Q18: 972 | R18: 972 | S18: 978 | T18: 978 | U18: 990 | V18: 996 | W18: 990 | X18: 984 | Y18: 1056 | Z18: 1044 | AA18: 924 | AB18: 954 | AC18: 930 | AD18: 942 | AE18: 912 | AF18: 930
... A52: 23：00 | B52: 978 | C52: 984 | D52: 984 | E52: 984 | F52: 996 | G52: 996 | H52: 996 | I52: 990 | J52: 984 | K52: 966 | L52: 984 | M52: 978 | N52: 996 | O52: 990 | P52: 972 | Q52: 978 | R52: 978 | S52: 984 | T52: 984 | U52: 990 | V52: 978 | W52: 984 | X52: 984 | Y52: 960 | Z52: 948 | AA52: 948 | AB52: 930 | AC52: 942 | AD52: 948 | AE52: 936 | AF52: 954
A53: 23：30 | B53: 984 | C53: 978 | D53: 984 | E53: 972 | F53: 972 | G53: 996 | H53: 996 | I53: 978 | J53: 972 | K53: 972 | L53: 978 | M53: 978 | N53: 990 | O53: 984 | P53: 972 | Q53: 984 | R53: 978 | S53: 972 | T53: 972 | U53: 978 | V53: 978 | W53: 984 | X53: 978 | Y53: 960 | Z53: 942 | AA53: 942 | AB53: 954 | AC53: 948 | AD53: 936 | AE53: 942 | AF53: 966 | AG53: =CONCATENATE(B3,"合計") -> 12月合計
A54: 24：00 | B54: 972 | C54: 978 | D54: 978 | E54: 984 | F54: 978 | G54: 990 | H54: 990 | I54: 978 | J54: 978 | K54: 960 | L54: 978 | M54: 978 | N54: 984 | O54: 990 | P54: 966 | Q54: 960 | R54: 966 | S54: 978 | T54: 978 | U54: 996 | V54: 978 | W54: 984 | X54: 972 | Y54: 954 | Z54: 936 | AA54: 948 | AB54: 930 | AC54: 948 | AD54: 936 | AE54: 942 | AF54: 954
A55: 計 | B55: =SUM(B7:B54) -> 46326 | C55: =SUM(C7:C54) -> 46584 | D55: =SUM(D7:D54) -> 46398 | E55: =SUM(E7:E54) -> 46548 | F55: =SUM(F7:F54) -> 45972 | G55: =SUM(G7:G54) -> 47130 | H55: =SUM(H7:H54) -> 47244 | I55: =SUM(I7:I54) -> 46230 | ... AF55: =SUM(AF7:AF54) -> 44718 | AG55: =SUM(B55:AF55) -> 1430682
A56: 平日昼間（その他季） | B56: =IF(B4="",SUM(B23:B50),0) -> 26808 | C56: =IF(C4="",SUM(C23:C50),0) -> 27138 | D56: =IF(D4="",SUM(D23:D50),0) -> 26880 | E56: =IF(E4="",SUM(E23:E50),0) -> 27156 | F56: =IF(F4="",SUM(F23:F50),0) -> 26496 | G56: =IF(G4="",SUM(G23:G50),0) -> 27426 | H56: =IF(H4="",SUM(H23:H50),0) -> 0 | I56: =IF(I4="",SUM(I23:I50),0) -> 26586 | ... AF56: =IF(AF4="",SUM(AF23:AF50),0) -> 0 | AG56: =SUM(B56:AF56) -> 668994
A57: 夜間及び休日 | B57: =IF(B4="",SUM(B7:B22,B51:B54),SUM(B7:B54)) -> 19518 | C57: =IF(C4="",SUM(C7:C22,C51:C54),SUM(C7:C54)) -> 19446 | D57: =IF(D4="",SUM(D7:D22,D51:D54),SUM(D7:D54)) -> 19518 | E57: =IF(E4="",SUM(E7:E22,E51:E54),SUM(E7:E54)) -> 19392 | F57: =IF(F4="",SUM(F7:F22,F51:F54),SUM(F7:F54)) -> 19476 | G57: =IF(G4="",SUM(G7:G22,G51:G54),SUM(G7:G54)) -> 19704 | H57: =IF(H4="",SUM(H7:H22,H51:H54),SUM(H7:H54)) -> 47244 | I57: =IF(I4="",SUM(I7:I22,I51:I54),SUM(I7:I54)) -> 19644 | ... AF57: =IF(AF4="",SUM(AF7:AF22,AF51:AF54),SUM(AF7:AF54)) -> 44718 | AG57: =SUM(B57:AF57) -> 761688
A59: 平均値 | B59: =AVERAGE(B7:B54) -> 965.125 | C59: =AVERAGE(C7:C54) -> 970.5 | D59: =AVERAGE(D7:D54) -> 966.625 | E59: =AVERAGE(E7:E54) -> 969.75 | F59: =AVERAGE(F7:F54) -> 957.75 | G59: =AVERAGE(G7:G54) -> 981.875 | H59: =AVERAGE(H7:H54) -> 984.25 | I59: =AVERAGE(I7:I54) -> 963.125 | ... AF59: =AVERAGE(AF7:AF54) -> 931.625
A60: 最大値 | B60: =MAX(B7:B54) -> 1002 | C60: =MAX(C7:C54) -> 990 | D60: =MAX(D7:D54) -> 990 | E60: =MAX(E7:E54) -> 996 | F60: =MAX(F7:F54) -> 996 | G60: =MAX(G7:G54) -> 996 | H60: =MAX(H7:H54) -> 1002 | I60: =MAX(I7:I54) -> 1002 | ... AF60: =MAX(AF7:AF54) -> 966
A61: 最小値 | B61: =MIN(B7:B54) -> 894 | C61: =MIN(C7:C54) -> 930 | D61: =MIN(D7:D54) -> 900 | E61: =MIN(E7:E54) -> 912 | F61: =MIN(F7:F54) -> 876 | G61: =MIN(G7:G54) -> 942 | H61: =MIN(H7:H54) -> 924 | I61: =MIN(I7:I54) -> 918 | ... AF61: =MIN(AF7:AF54) -> 840

Sheet 1月
A1: ='4月'!A1 -> 令和７年度 時間帯別送電実績（３０分値）
A3: ='12月'!A3+1 -> 8 | B3: 1月 | AF3: 単位：ｋｗｈ
A4: =SUM(B4:AF4) -> 8 | B4: 1 | C4: 1 | D4: 1 | E4: =IF(E6="日",1,"") -> 1 | F4: =IF(F6="日",1,"") | G4: =IF(G6="日",1,"") | H4: =IF(H6="日",1,"") | I4: =IF(I6="日",1,"") | J4: =IF(J6="日",1,"") | K4: =IF(K6="日",1,"") | L4: =IF(L6="日",1,"") -> 1 | M4: 1 | N4: =IF(N6="日",1,"") | O4: =IF(O6="日",1,"") | P4: =IF(P6="日",1,"") | Q4: =IF(Q6="日",1,"") | R4: =IF(R6="日",1,"") | S4: =IF(S6="日",1,"") -> 1 | T4: =IF(T6="日",1,"") | U4: =IF(U6="日",1,"") | ... AF4: =IF(AF6="日",1,"")
A5: 日 時間帯 | B5: ='12月'!AF5+1 -> 46023 | C5: =B5+1 -> 46024 | D5: =C5+1 -> 46025 | E5: =D5+1 -> 46026 | F5: =E5+1 -> 46027 | G5: =F5+1 -> 46028 | H5: =G5+1 -> 46029 | I5: =H5+1 -> 46030 | J5: =I5+1 -> 46031 | ... AF5: =AE5+1 -> 46053
B6: =TEXT(B5,"aaa") -> 木 | C6: =TEXT(C5,"aaa") -> 金 | D6: =TEXT(D5,"aaa") -> 土 | E6: =TEXT(E5,"aaa") -> 日 | F6: =TEXT(F5,"aaa") -> 月 | G6: =TEXT(G5,"aaa") -> 火 | H6: =TEXT(H5,"aaa") -> 水 | I6: =TEXT(I5,"aaa") -> 木 | ... AF6: =TEXT(AF5,"aaa") -> 土
A7: 0：30 | B7: 936 | C7: 942 | D7: 924 | E7: 936 | F7: 942 | G7: 936 | H7: 936 | I7: 924 | J7: 948 | K7: 960 | L7: 942 | M7: 954 | N7: 954 | O7: 942 | P7: 960 | Q7: 972 | R7: 948 | S7: 960 | T7: 954 | U7: 960 | V7: 942 | W7: 960 | X7: 942 | Y7: 954 | Z7: 972 | AA7: 954 | AB7: 942 | AC7: 966 | AD7: 948 | AE7: 954 | AF7: 954
A8: 1：00 | B8: 948 | C8: 936 | D8: 918 | E8: 942 | F8: 942 | G8: 942 | H8: 942 | I8: 930 | J8: 942 | K8: 936 | L8: 936 | M8: 960 | N8: 966 | O8: 936 | P8: 954 | Q8: 948 | R8: 954 | S8: 954 | T8: 942 | U8: 936 | V8: 948 | W8: 954 | X8: 954 | Y8: 936 | Z8: 972 | AA8: 972 | AB8: 936 | AC8: 954 | AD8: 948 | AE8: 978 | AF8: 966
A9: 1：30 | B9: 948 | C9: 948 | D9: 948 | E9: 948 | F9: 954 | G9: 954 | H9: 960 | I9: 936 | J9: 936 | K9: 936 | L9: 954 | M9: 948 | N9: 960 | O9: 930 | P9: 930 | Q9: 954 | R9: 948 | S9: 966 | T9: 954 | U9: 948 | V9: 966 | W9: 954 | X9: 948 | Y9: 966 | Z9: 984 | AA9: 996 | AB9: 960 | AC9: 948 | AD9: 960 | AE9: 960 | AF9: 984
A10: 2：00 | B10: 960 | C10: 948 | D10: 936 | E10: 918 | F10: 954 | G10: 936 | H10: 912 | I10: 918 | J10: 924 | K10: 942 | L10: 924 | M10: 942 | N10: 960 | O10: 942 | P10: 924 | Q10: 924 | R10: 948 | S10: 918 | T10: 924 | U10: 936 | V10: 954 | W10: 930 | X10: 972 | Y10: 948 | Z10: 960 | AA10: 942 | AB10: 930 | AC10: 942 | AD10: 906 | AE10: 960 | AF10: 942
A11: 2：30 | B11: 864 | C11: 864 | D11: 858 | E11: 870 | F11: 852 | G11: 876 | H11: 870 | I11: 810 | J11: 858 | K11: 852 | L11: 870 | M11: 834 | N11: 834 | O11: 852 | P11: 840 | Q11: 858 | R11: 918 | S11: 882 | T11: 882 | U11: 852 | V11: 870 | W11: 870 | X11: 870 | Y11: 858 | Z11: 882 | AA11: 882 | AB11: 846 | AC11: 876 | AD11: 840 | AE11: 858 | AF11: 882
A12: 3：00 | B12: 834 | C12: 858 | D12: 852 | E12: 900 | F12: 852 | G12: 840 | H12: 846 | I12: 834 | J12: 906 | K12: 846 | L12: 858 | M12: 894 | N12: 852 | O12: 864 | P12: 840 | Q12: 888 | R12: 828 | S12: 846 | T12: 888 | U12: 882 | V12: 924 | W12: 864 | X12: 864 | Y12: 870 | Z12: 954 | AA12: 870 | AB12: 852 | AC12: 876 | AD12: 852 | AE12: 882 | AF12: 870
A13: 3：30 | B13: 924 | C13: 948 | D13: 918 | E13: 924 | F13: 942 | G13: 936 | H13: 924 | I13: 930 | J13: 882 | K13: 954 | L13: 948 | M13: 930 | N13: 954 | O13: 936 | P13: 930 | Q13: 942 | R13: 870 | S13: 948 | T13: 978 | U13: 942 | V13: 990 | W13: 1008 | X13: 924 | Y13: 960 | Z13: 882 | AA13: 942 | AB13: 930 | AC13: 960 | AD13: 924 | AE13: 942 | AF13: 960
A14: 4：00 | B14: 942 | C14: 924 | D14: 942 | E14: 948 | F14: 948 | G14: 930 | H14: 942 | I14: 954 | J14: 906 | K14: 960 | L14: 960 | M14: 960 | N14: 960 | O14: 936 | P14: 948 | Q14: 942 | R14: 936 | S14: 960 | T14: 1032 | U14: 966 | V14: 1002 | W14: 1044 | X14: 954 | Y14: 960 | Z14: 954 | AA14: 924 | AB14: 978 | AC14: 954 | AD14: 936 | AE14: 948 | AF14: 948
A15: 4：30 | B15: 936 | C15: 936 | D15: 942 | E15: 948 | F15: 948 | G15: 936 | H15: 960 | I15: 912 | J15: 948 | K15: 936 | L15: 948 | M15: 942 | N15: 966 | O15: 942 | P15: 942 | Q15: 948 | R15: 948 | S15: 960 | T15: 1026 | U15: 948 | V15: 1008 | W15: 1008 | X15: 966 | Y15: 960 | Z15: 966 | AA15: 960 | AB15: 960 | AC15: 948 | AD15: 948 | AE15: 954 | AF15: 960
A16: 5：00 | B16: 942 | C16: 936 | D16: 936 | E16: 954 | F16: 942 | G16: 936 | H16: 936 | I16: 948 | J16: 930 | K16: 960 | L16: 924 | M16: 942 | N16: 954 | O16: 942 | P16: 936 | Q16: 942 | R16: 954 | S16: 942 | T16: 1032 | U16: 954 | V16: 1014 | W16: 1020 | X16: 972 | Y16: 954 | Z16: 960 | AA16: 984 | AB16: 960 | AC16: 948 | AD16: 978 | AE16: 960 | AF16: 972
A17: 5：30 | B17: 948 | C17: 954 | D17: 936 | E17: 954 | F17: 942 | G17: 942 | H17: 936 | I17: 936 | J17: 936 | K17: 930 | L17: 948 | M17: 942 | N17: 930 | O17: 936 | P17: 936 | Q17: 942 | R17: 948 | S17: 966 | T17: 1038 | U17: 930 | V17: 1008 | W17: 1026 | X17: 960 | Y17: 972 | Z17: 960 | AA17: 948 | AB17: 948 | AC17: 954 | AD17: 948 | AE17: 966 | AF17: 966
A18: 6：00 | B18: 936 | C18: 948 | D18: 954 | E18: 936 | F18: 936 | G18: 936 | H18: 936 | I18: 930 | J18: 918 | K18: 912 | L18: 954 | M18: 954 | N18: 936 | O18: 930 | P18: 924 | Q18: 936 | R18: 954 | S18: 936 | T18: 1020 | U18: 930 | V18: 1002 | W18: 1020 | X18: 948 | Y18: 936 | Z18: 978 | AA18: 948 | AB18: 960 | AC18: 942 | AD18: 948 | AE18: 948 | AF18: 948
... A52: 23：00 | B52: 960 | C52: 948 | D52: 954 | E52: 954 | F52: 936 | G52: 936 | H52: 930 | I52: 930 | J52: 948 | K52: 978 | L52: 972 | M52: 960 | N52: 966 | O52: 930 | P52: 948 | Q52: 942 | R52: 954 | S52: 960 | T52: 948 | U52: 948 | V52: 960 | W52: 966 | X52: 942 | Y52: 1008 | Z52: 960 | AA52: 912 | AB52: 942 | AC52: 936 | AD52: 966 | AE52: 978 | AF52: 966
A53: 23：30 | B53: 924 | C53: 936 | D53: 960 | E53: 942 | F53: 948 | G53: 942 | H53: 948 | I53: 924 | J53: 930 | K53: 936 | L53: 978 | M53: 948 | N53: 942 | O53: 924 | P53: 948 | Q53: 960 | R53: 972 | S53: 978 | T53: 960 | U53: 954 | V53: 960 | W53: 924 | X53: 966 | Y53: 954 | Z53: 960 | AA53: 942 | AB53: 948 | AC53: 948 | AD53: 936 | AE53: 966 | AF53: 948 | AG53: =CONCATENATE(B3,"合計") -> 1月合計
A54: 24：00 | B54: 948 | C54: 924 | D54: 948 | E54: 942 | F54: 942 | G54: 936 | H54: 930 | I54: 942 | J54: 942 | K54: 942 | L54: 960 | M54: 942 | N54: 930 | O54: 948 | P54: 936 | Q54: 930 | R54: 954 | S54: 954 | T54: 960 | U54: 948 | V54: 954 | W54: 966 | X54: 966 | Y54: 972 | Z54: 972 | AA54: 936 | AB54: 954 | AC54: 948 | AD54: 936 | AE54: 942 | AF54: 966
A55: 計 | B55: =SUM(B7:B54) -> 44820 | C55: =SUM(C7:C54) -> 44538 | D55: =SUM(D7:D54) -> 44682 | E55: =SUM(E7:E54) -> 45018 | F55: =SUM(F7:F54) -> 44088 | G55: =SUM(G7:G54) -> 44238 | H55: =SUM(H7:H54) -> 44196 | I55: =SUM(I7:I54) -> 44346 | ... AF55: =SUM(AF7:AF54) -> 45636 | AG55: =SUM(B55:AF55) -> 1393116
A56: 平日昼間（その他季） | B56: =IF(B4="",SUM(B23:B50),0) -> 0 | C56: =IF(C4="",SUM(C23:C50),0) -> 0 | D56: =IF(D4="",SUM(D23:D50),0) -> 0 | E56: =IF(E4="",SUM(E23:E50),0) -> 0 | F56: =IF(F4="",SUM(F23:F50),0) -> 25410 | G56: =IF(G4="",SUM(G23:G50),0) -> 25626 | H56: =IF(H4="",SUM(H23:H50),0) -> 25614 | I56: =IF(I4="",SUM(I23:I50),0) -> 25938 | ... AF56: =IF(AF4="",SUM(AF23:AF50),0) -> 26610 | AG56: =SUM(B56:AF56) -> 598866
A57: 夜間及び休日 | B57: =IF(B4="",SUM(B7:B22,B51:B54),SUM(B7:B54)) -> 44820 | C57: =IF(C4="",SUM(C7:C22,C51:C54),SUM(C7:C54)) -> 44538 | D57: =IF(D4="",SUM(D7:D22,D51:D54),SUM(D7:D54)) -> 44682 | E57: =IF(E4="",SUM(E7:E22,E51:E54),SUM(E7:E54)) -> 45018 | F57: =IF(F4="",SUM(F7:F22,F51:F54),SUM(F7:F54)) -> 18678 | G57: =IF(G4="",SUM(G7:G22,G51:G54),SUM(G7:G54)) -> 18612 | H57: =IF(H4="",SUM(H7:H22,H51:H54),SUM(H7:H54)) -> 18582 | I57: =IF(I4="",SUM(I7:I22,I51:I54),SUM(I7:I54)) -> 18408 | ... AF57: =IF(AF4="",SUM(AF7:AF22,AF51:AF54),SUM(AF7:AF54)) -> 19026 | AG57: =SUM(B57:AF57) -> 794250
A59: 平均値 | B59: =AVERAGE(B7:B54) -> 933.75 | C59: =AVERAGE(C7:C54) -> 927.875 | D59: =AVERAGE(D7:D54) -> 930.875 | E59: =AVERAGE(E7:E54) -> 937.875 | F59: =AVERAGE(F7:F54) -> 918.5 | G59: =AVERAGE(G7:G54) -> 921.625 | H59: =AVERAGE(H7:H54) -> 920.75 | I59: =AVERAGE(I7:I54) -> 923.875 | ... AF59: =AVERAGE(AF7:AF54) -> 950.75
A60: 最大値 | B60: =MAX(B7:B54) -> 966 | C60: =MAX(C7:C54) -> 954 | D60: =MAX(D7:D54) -> 972 | E60: =MAX(E7:E54) -> 972 | F60: =MAX(F7:F54) -> 966 | G60: =MAX(G7:G54) -> 984 | H60: =MAX(H7:H54) -> 960 | I60: =MAX(I7:I54) -> 990 | ... AF60: =MAX(AF7:AF54) -> 984
A61: 最小値 | B61: =MIN(B7:B54) -> 834 | C61: =MIN(C7:C54) -> 846 | D61: =MIN(D7:D54) -> 840 | E61: =MIN(E7:E54) -> 858 | F61: =MIN(F7:F54) -> 792 | G61: =MIN(G7:G54) -> 816 | H61: =MIN(H7:H54) -> 810 | I61: =MIN(I7:I54) -> 810 | ... AF61: =MIN(AF7:AF54) -> 852

Sheet 2月
A1: ='4月'!A1 -> 令和７年度 時間帯別送電実績（３０分値）
A3: ='1月'!A3 -> 8 | B3: 2月 | AF3: 単位：ｋｗｈ
A4: =SUM(B4:AF4) -> 6 | B4: =IF(B6="日",1,"") -> 1 | C4: =IF(C6="日",1,"") | D4: =IF(D6="日",1,"") | E4: =IF(E6="日",1,"") | F4: =IF(F6="日",1,"") | G4: =IF(G6="日",1,"") | H4: =IF(H6="日",1,"") | I4: =IF(I6="日",1,"") -> 1 | ... K4: =IF(K6="日",1,"") | L4: 1 | M4: =IF(M6="日",1,"") | N4: =IF(N6="日",1,"") | O4: =IF(O6="日",1,"") | P4: =IF(P6="日",1,"") -> 1 | Q4: =IF(Q6="日",1,"") | R4: =IF(R6="日",1,"") | S4: =IF(S6="日",1,"") | T4: =IF(T6="日",1,"") | ... W4: =IF(W6="日",1,"") -> 1 | X4: 1 | Y4: =IF(Y6="日",1,"") | Z4: =IF(Z6="日",1,"") | AA4: =IF(AA6="日",1,"") | AB4: =IF(AB6="日",1,"") | AC4: =IF(AC6="日",1,"") | AD4: =IF(AD6="日",1,"") | AE4: =IF(AE6="日",1,"") | AF4: =IF(AF6="日",1,"")
A5: 日 時間帯 | B5: ='1月'!AF5+1 -> 46054 | C5: =B5+1 -> 46055 | D5: =C5+1 -> 46056 | E5: =D5+1 -> 46057 | F5: =E5+1 -> 46058 | G5: =F5+1 -> 46059 | H5: =G5+1 -> 46060 | I5: =H5+1 -> 46061 | J5: =I5+1 -> 46062 | ... AC5: =AB5+1 -> 46081 | AD5: =IF(AC5+1=29,AC5+1,"")
B6: =TEXT(B5,"aaa") -> 日 | C6: =TEXT(C5,"aaa") -> 月 | D6: =TEXT(D5,"aaa") -> 火 | E6: =TEXT(E5,"aaa") -> 水 | F6: =TEXT(F5,"aaa") -> 木 | G6: =TEXT(G5,"aaa") -> 金 | H6: =TEXT(H5,"aaa") -> 土 | I6: =TEXT(I5,"aaa") -> 日 | ... AD6: =TEXT(AD5,"aaa")
A7: 0：30 | B7: 966 | C7: 960 | D7: 960 | E7: 984 | F7: 966 | G7: 966 | H7: 966 | I7: 954 | J7: 966 | K7: 966 | L7: 954 | M7: 972 | N7: 930 | O7: 960 | P7: 960 | Q7: 966 | R7: 930 | S7: 936 | T7: 984 | U7: 936 | V7: 942 | W7: 966 | X7: 954 | Y7: 960 | Z7: 924 | AA7: 888 | AB7: 942 | AC7: 864
A8: 1：00 | B8: 996 | C8: 966 | D8: 942 | E8: 954 | F8: 966 | G8: 954 | H8: 984 | I8: 984 | J8: 972 | K8: 960 | L8: 966 | M8: 972 | N8: 984 | O8: 948 | P8: 996 | Q8: 984 | R8: 936 | S8: 942 | T8: 984 | U8: 972 | V8: 942 | W8: 936 | X8: 978 | Y8: 954 | Z8: 936 | AA8: 900 | AB8: 924 | AC8: 882
A9: 1：30 | B9: 972 | C9: 972 | D9: 954 | E9: 960 | F9: 966 | G9: 972 | H9: 978 | I9: 972 | J9: 984 | K9: 948 | L9: 948 | M9: 954 | N9: 996 | O9: 972 | P9: 972 | Q9: 984 | R9: 948 | S9: 960 | T9: 972 | U9: 948 | V9: 948 | W9: 936 | X9: 948 | Y9: 960 | Z9: 930 | AA9: 900 | AB9: 924 | AC9: 864
A10: 2：00 | B10: 936 | C10: 966 | D10: 936 | E10: 942 | F10: 954 | G10: 972 | H10: 972 | I10: 972 | J10: 948 | K10: 954 | L10: 948 | M10: 972 | N10: 960 | O10: 984 | P10: 966 | Q10: 984 | R10: 924 | S10: 942 | T10: 936 | U10: 996 | V10: 930 | W10: 966 | X10: 984 | Y10: 960 | Z10: 960 | AA10: 912 | AB10: 930 | AC10: 876
A11: 2：30 | B11: 870 | C11: 924 | D11: 858 | E11: 882 | F11: 846 | G11: 882 | H11: 882 | I11: 864 | J11: 882 | K11: 894 | L11: 876 | M11: 882 | N11: 864 | O11: 882 | P11: 894 | Q11: 876 | R11: 870 | S11: 912 | T11: 900 | U11: 852 | V11: 852 | W11: 876 | X11: 870 | Y11: 840 | Z11: 876 | AA11: 816 | AB11: 846 | AC11: 810
A12: 3：00 | B12: 900 | C12: 870 | D12: 876 | E12: 858 | F12: 894 | G12: 870 | H12: 870 | I12: 870 | J12: 888 | K12: 912 | L12: 870 | M12: 882 | N12: 900 | O12: 852 | P12: 864 | Q12: 858 | R12: 888 | S12: 882 | T12: 924 | U12: 864 | V12: 876 | W12: 858 | X12: 942 | Y12: 882 | Z12: 906 | AA12: 876 | AB12: 846 | AC12: 822
A13: 3：30 | B13: 966 | C13: 906 | D13: 936 | E13: 942 | F13: 948 | G13: 966 | H13: 954 | I13: 972 | J13: 954 | K13: 846 | L13: 948 | M13: 948 | N13: 948 | O13: 948 | P13: 948 | Q13: 966 | R13: 936 | S13: 858 | T13: 942 | U13: 924 | V13: 918 | W13: 942 | X13: 948 | Y13: 924 | Z13: 960 | AA13: 834 | AB13: 918 | AC13: 882
A14: 4：00 | B14: 966 | C14: 966 | D14: 960 | E14: 966 | F14: 948 | G14: 966 | H14: 966 | I14: 972 | J14: 954 | K14: 954 | L14: 954 | M14: 942 | N14: 942 | O14: 942 | P14: 978 | Q14: 978 | R14: 942 | S14: 936 | T14: 960 | U14: 942 | V14: 924 | W14: 942 | X14: 864 | Y14: 948 | Z14: 960 | AA14: 894 | AB14: 924 | AC14: 870
A15: 4：30 | B15: 960 | C15: 966 | D15: 948 | E15: 954 | F15: 966 | G15: 960 | H15: 960 | I15: 984 | J15: 954 | K15: 954 | L15: 978 | M15: 948 | N15: 966 | O15: 948 | P15: 966 | Q15: 960 | R15: 912 | S15: 942 | T15: 948 | U15: 948 | V15: 912 | W15: 960 | X15: 966 | Y15: 978 | Z15: 960 | AA15: 906 | AB15: 930 | AC15: 858
A16: 5：00 | B16: 966 | C16: 972 | D16: 960 | E16: 942 | F16: 954 | G16: 984 | H16: 948 | I16: 966 | J16: 972 | K16: 960 | L16: 984 | M16: 978 | N16: 960 | O16: 966 | P16: 984 | Q16: 978 | R16: 942 | S16: 948 | T16: 930 | U16: 954 | V16: 942 | W16: 948 | X16: 948 | Y16: 948 | Z16: 960 | AA16: 918 | AB16: 942 | AC16: 864
A17: 5：30 | B17: 960 | C17: 960 | D17: 948 | E17: 960 | F17: 966 | G17: 972 | H17: 972 | I17: 954 | J17: 948 | K17: 942 | L17: 948 | M17: 972 | N17: 954 | O17: 978 | P17: 966 | Q17: 960 | R17: 930 | S17: 924 | T17: 912 | U17: 948 | V17: 924 | W17: 978 | X17: 960 | Y17: 966 | Z17: 948 | AA17: 906 | AB17: 924 | AC17: 870
A18: 6：00 | B18: 960 | C18: 972 | D18: 942 | E18: 930 | F18: 960 | G18: 966 | H18: 972 | I18: 990 | J18: 954 | K18: 960 | L18: 954 | M18: 978 | N18: 960 | O18: 936 | P18: 966 | Q18: 990 | R18: 936 | S18: 942 | T18: 930 | U18: 960 | V18: 948 | W18: 954 | X18: 942 | Y18: 942 | Z18: 960 | AA18: 894 | AB18: 912 | AC18: 894
... A52: 23：00 | B52: 948 | C52: 972 | D52: 960 | E52: 936 | F52: 948 | G52: 972 | H52: 966 | I52: 954 | J52: 960 | K52: 948 | L52: 972 | M52: 960 | N52: 966 | O52: 972 | P52: 972 | Q52: 942 | R52: 936 | S52: 972 | T52: 954 | U52: 948 | V52: 948 | W52: 948 | X52: 954 | Y52: 942 | Z52: 912 | AA52: 936 | AB52: 894 | AC52: 888
A53: 23：30 | B53: 984 | C53: 966 | D53: 936 | E53: 960 | F53: 972 | G53: 972 | H53: 972 | I53: 978 | J53: 978 | K53: 960 | L53: 978 | M53: 960 | N53: 960 | O53: 960 | P53: 960 | Q53: 948 | R53: 942 | S53: 966 | T53: 960 | U53: 930 | V53: 930 | W53: 954 | X53: 960 | Y53: 942 | Z53: 912 | AA53: 960 | AB53: 876 | AC53: 888 | AG53: =CONCATENATE(B3,"合計") -> 2月合計
A54: 24：00 | B54: 960 | C54: 942 | D54: 948 | E54: 948 | F54: 972 | G54: 978 | H54: 948 | I54: 966 | J54: 936 | K54: 966 | L54: 948 | M54: 942 | N54: 960 | O54: 960 | P54: 978 | Q54: 936 | R54: 936 | S54: 990 | T54: 960 | U54: 948 | V54: 972 | W54: 942 | X54: 972 | Y54: 942 | Z54: 894 | AA54: 936 | AB54: 864 | AC54: 882
A55: 計 | B55: =SUM(B7:B54) -> 45570 | C55: =SUM(C7:C54) -> 45276 | D55: =SUM(D7:D54) -> 44700 | E55: =SUM(E7:E54) -> 44286 | F55: =SUM(F7:F54) -> 44850 | G55: =SUM(G7:G54) -> 45174 | H55: =SUM(H7:H54) -> 45468 | I55: =SUM(I7:I54) -> 45852 | ... AC55: =SUM(AC7:AC54) -> 41970 | AD55: =IF(AD5="","",SUM(AD7:AD54)) | AG55: =SUM(B55:AF55) -> 1248600
A56: 平日昼間（その他季） | B56: =IF(B4="",SUM(B23:B50),0) -> 0 | C56: =IF(C4="",SUM(C23:C50),0) -> 26220 | D56: =IF(D4="",SUM(D23:D50),0) -> 25908 | E56: =IF(E4="",SUM(E23:E50),0) -> 25512 | F56: =IF(F4="",SUM(F23:F50),0) -> 25830 | G56: =IF(G4="",SUM(G23:G50),0) -> 26046 | H56: =IF(H4="",SUM(H23:H50),0) -> 26364 | I56: =IF(I4="",SUM(I23:I50),0) -> 0 | ... AC56: =IF(AC4="",SUM(AC23:AC50),0) -> 24528 | AD56: =IF(AD5="","",IF(AD5="",SUM(AD23:AD50),0)) | AG56: =SUM(B56:AF56) -> 562638
A57: 夜間及び休日 | B57: =IF(B4="",SUM(B7:B22,B51:B54),SUM(B7:B54)) -> 45570 | C57: =IF(C4="",SUM(C7:C22,C51:C54),SUM(C7:C54)) -> 19056 | D57: =IF(D4="",SUM(D7:D22,D51:D54),SUM(D7:D54)) -> 18792 | E57: =IF(E4="",SUM(E7:E22,E51:E54),SUM(E7:E54)) -> 18774 | F57: =IF(F4="",SUM(F7:F22,F51:F54),SUM(F7:F54)) -> 19020 | G57: =IF(G4="",SUM(G7:G22,G51:G54),SUM(G7:G54)) -> 19128 | H57: =IF(H4="",SUM(H7:H22,H51:H54),SUM(H7:H54)) -> 19104 | I57: =IF(I4="",SUM(I7:I22,I51:I54),SUM(I7:I54)) -> 45852 | ... AC57: =IF(AC4="",SUM(AC7:AC22,AC51:AC54),SUM(AC7:AC54)) -> 17442 | AD57: =IF(AD5="","",IF(AD4="",SUM(AD7:AD22,AD51:AD54),SUM(AD7:AD54))) | AG57: =SUM(B57:AF57) -> 685962
A59: 平均値 | B59: =AVERAGE(B7:B54) -> 949.375 | C59: =AVERAGE(C7:C54) -> 943.25 | D59: =AVERAGE(D7:D54) -> 931.25 | E59: =AVERAGE(E7:E54) -> 922.625 | F59: =AVERAGE(F7:F54) -> 934.375 | G59: =AVERAGE(G7:G54) -> 941.125 | H59: =AVERAGE(H7:H54) -> 947.25 | I59: =AVERAGE(I7:I54) -> 955.25 | ... AC59: =AVERAGE(AC7:AC54) -> 874.375 | AD59: =IF(AD5="","",AVERAGE(AD7:AD54))
A60: 最大値 | B60: =MAX(B7:B54) -> 996 | C60: =MAX(C7:C54) -> 984 | D60: =MAX(D7:D54) -> 972 | E60: =MAX(E7:E54) -> 984 | F60: =MAX(F7:F54) -> 984 | G60: =MAX(G7:G54) -> 1002 | H60: =MAX(H7:H54) -> 984 | I60: =MAX(I7:I54) -> 990 | ... AC60: =MAX(AC7:AC54) -> 912 | AD60: =IF(AD5="","",MAX(AD7:AD54))
A61: 最小値 | B61: =MIN(B7:B54) -> 852 | C61: =MIN(C7:C54) -> 858 | D61: =MIN(D7:D54) -> 840 | E61: =MIN(E7:E54) -> 804 | F61: =MIN(F7:F54) -> 810 | G61: =MIN(G7:G54) -> 816 | H61: =MIN(H7:H54) -> 834 | I61: =MIN(I7:I54) -> 834 | ... AC61: =MIN(AC7:AC54) -> 780 | AD61: =IF(AD5="","",MIN(AD7:AD54))

Sheet 3月
A1: ='4月'!A1 -> 令和７年度 時間帯別送電実績（３０分値）
A3: ='1月'!A3 -> 8 | B3: 3月 | AF3: 単位：ｋｗｈ
A4: =SUM(B4:AF4) -> 6 | B4: =IF(B6="日",1,"") -> 1 | C4: =IF(C6="日",1,"") | D4: =IF(D6="日",1,"") | E4: =IF(E6="日",1,"") | F4: =IF(F6="日",1,"") | G4: =IF(G6="日",1,"") | H4: =IF(H6="日",1,"") | I4: =IF(I6="日",1,"") -> 1 | ... T4: =IF(T6="日",1,"") | U4: 1 | V4: =IF(V6="日",1,"") | W4: =IF(W6="日",1,"") -> 1 | X4: =IF(X6="日",1,"") | Y4: =IF(Y6="日",1,"") | Z4: =IF(Z6="日",1,"") | AA4: =IF(AA6="日",1,"") | AB4: =IF(AB6="日",1,"") | AC4: =IF(AC6="日",1,"") | ... AF4: =IF(AF6="日",1,"")
A5: 日 時間帯 | B5: =IF('2月'!AD5="",'2月'!AC5+1,'2月'!AD5+1) -> 46082 | C5: =B5+1 -> 46083 | D5: =C5+1 -> 46084 | E5: =D5+1 -> 46085 | F5: =E5+1 -> 46086 | G5: =F5+1 -> 46087 | H5: =G5+1 -> 46088 | I5: =H5+1 -> 46089 | J5: =I5+1 -> 46090 | ... AF5: =AE5+1 -> 46112
B6: =TEXT(B5,"aaa") -> 日 | C6: =TEXT(C5,"aaa") -> 月 | D6: =TEXT(D5,"aaa") -> 火 | E6: =TEXT(E5,"aaa") -> 水 | F6: =TEXT(F5,"aaa") -> 木 | G6: =TEXT(G5,"aaa") -> 金 | H6: =TEXT(H5,"aaa") -> 土 | I6: =TEXT(I5,"aaa") -> 日 | ... AF6: =TEXT(AF5,"aaa") -> 火
A7: 0：30 | B7: 876 | C7: 888 | D7: 864 | E7: 912 | F7: 876 | G7: 870 | H7: 912 | I7: 918 | J7: 918 | K7: 894 | L7: 912 | M7: 900 | N7: 888 | O7: 912 | P7: 918 | Q7: 924 | R7: 930 | S7: 924 | T7: 930 | U7: 912 | V7: 924 | W7: 936 | X7: 894 | Y7: 918 | Z7: 912 | AA7: 906 | AB7: 912 | AC7: 948 | AD7: 978 | AE7: 912 | AF7: 918
A8: 1：00 | B8: 888 | C8: 882 | D8: 864 | E8: 924 | F8: 900 | G8: 882 | H8: 900 | I8: 936 | J8: 900 | K8: 912 | L8: 900 | M8: 900 | N8: 912 | O8: 930 | P8: 918 | Q8: 930 | R8: 924 | S8: 918 | T8: 936 | U8: 918 | V8: 912 | W8: 936 | X8: 918 | Y8: 918 | Z8: 912 | AA8: 924 | AB8: 936 | AC8: 960 | AD8: 960 | AE8: 936 | AF8: 912
A9: 1：30 | B9: 882 | C9: 888 | D9: 876 | E9: 912 | F9: 888 | G9: 900 | H9: 912 | I9: 930 | J9: 912 | K9: 912 | L9: 888 | M9: 882 | N9: 894 | O9: 912 | P9: 912 | Q9: 912 | R9: 900 | S9: 912 | T9: 936 | U9: 918 | V9: 942 | W9: 936 | X9: 924 | Y9: 924 | Z9: 912 | AA9: 936 | AB9: 924 | AC9: 966 | AD9: 966 | AE9: 924 | AF9: 936
A10: 2：00 | B10: 864 | C10: 870 | D10: 870 | E10: 900 | F10: 876 | G10: 876 | H10: 906 | I10: 906 | J10: 876 | K10: 924 | L10: 870 | M10: 870 | N10: 888 | O10: 906 | P10: 894 | Q10: 882 | R10: 912 | S10: 906 | T10: 918 | U10: 930 | V10: 900 | W10: 930 | X10: 912 | Y10: 912 | Z10: 888 | AA10: 918 | AB10: 912 | AC10: 948 | AD10: 972 | AE10: 906 | AF10: 906
A11: 2：30 | B11: 816 | C11: 780 | D11: 786 | E11: 828 | F11: 810 | G11: 840 | H11: 810 | I11: 828 | J11: 834 | K11: 834 | L11: 810 | M11: 810 | N11: 774 | O11: 864 | P11: 816 | Q11: 816 | R11: 810 | S11: 816 | T11: 846 | U11: 822 | V11: 816 | W11: 846 | X11: 846 | Y11: 822 | Z11: 828 | AA11: 840 | AB11: 858 | AC11: 882 | AD11: 864 | AE11: 930 | AF11: 846
A12: 3：00 | B12: 810 | C12: 816 | D12: 804 | E12: 840 | F12: 828 | G12: 834 | H12: 870 | I12: 870 | J12: 828 | K12: 822 | L12: 798 | M12: 792 | N12: 810 | O12: 846 | P12: 840 | Q12: 852 | R12: 828 | S12: 858 | T12: 828 | U12: 840 | V12: 834 | W12: 918 | X12: 858 | Y12: 852 | Z12: 816 | AA12: 864 | AB12: 828 | AC12: 882 | AD12: 888 | AE12: 828 | AF12: 834
A13: 3：30 | B13: 894 | C13: 882 | D13: 846 | E13: 900 | F13: 888 | G13: 786 | H13: 840 | I13: 894 | J13: 906 | K13: 960 | L13: 882 | M13: 870 | N13: 894 | O13: 828 | P13: 894 | Q13: 906 | R13: 912 | S13: 864 | T13: 918 | U13: 918 | V13: 900 | W13: 912 | X13: 906 | Y13: 912 | Z13: 894 | AA13: 906 | AB13: 924 | AC13: 990 | AD13: 996 | AE13: 882 | AF13: 894
A14: 4：00 | B14: 864 | C14: 858 | D14: 876 | E14: 930 | F14: 900 | G14: 864 | H14: 888 | I14: 906 | J14: 918 | K14: 1002 | L14: 870 | M14: 894 | N14: 900 | O14: 912 | P14: 906 | Q14: 918 | R14: 918 | S14: 912 | T14: 924 | U14: 930 | V14: 912 | W14: 876 | X14: 900 | Y14: 936 | Z14: 912 | AA14: 918 | AB14: 900 | AC14: 1002 | AD14: 1002 | AE14: 864 | AF14: 942
A15: 4：30 | B15: 876 | C15: 882 | D15: 852 | E15: 912 | F15: 900 | G15: 870 | H15: 918 | I15: 912 | J15: 906 | K15: 990 | L15: 900 | M15: 900 | N15: 900 | O15: 900 | P15: 912 | Q15: 906 | R15: 924 | S15: 906 | T15: 930 | U15: 906 | V15: 900 | W15: 894 | X15: 918 | Y15: 912 | Z15: 930 | AA15: 930 | AB15: 912 | AC15: 1002 | AD15: 1014 | AE15: 912 | AF15: 948
A16: 5：00 | B16: 870 | C16: 882 | D16: 864 | E16: 906 | F16: 936 | G16: 876 | H16: 888 | I16: 906 | J16: 912 | K16: 978 | L16: 912 | M16: 894 | N16: 894 | O16: 912 | P16: 924 | Q16: 930 | R16: 924 | S16: 906 | T16: 924 | U16: 924 | V16: 930 | W16: 924 | X16: 924 | Y16: 924 | Z16: 918 | AA16: 918 | AB16: 912 | AC16: 996 | AD16: 990 | AE16: 930 | AF16: 954
A17: 5：30 | B17: 894 | C17: 888 | D17: 852 | E17: 924 | F17: 936 | G17: 870 | H17: 924 | I17: 918 | J17: 894 | K17: 972 | L17: 906 | M17: 894 | N17: 888 | O17: 912 | P17: 912 | Q17: 888 | R17: 906 | S17: 918 | T17: 942 | U17: 918 | V17: 924 | W17: 930 | X17: 996 | Y17: 918 | Z17: 948 | AA17: 966 | AB17: 900 | AC17: 1008 | AD17: 996 | AE17: 900 | AF17: 954
A18: 6：00 | B18: 864 | C18: 882 | D18: 858 | E18: 918 | F18: 942 | G18: 894 | H18: 930 | I18: 912 | J18: 900 | K18: 1002 | L18: 894 | M18: 888 | N18: 888 | O18: 912 | P18: 888 | Q18: 918 | R18: 930 | S18: 900 | T18: 930 | U18: 930 | V18: 924 | W18: 930 | X18: 1008 | Y18: 960 | Z18: 942 | AA18: 954 | AB18: 894 | AC18: 1002 | AD18: 996 | AE18: 954 | AF18: 966
... A52: 23：00 | B52: 876 | C52: 852 | D52: 918 | E52: 924 | F52: 870 | G52: 918 | H52: 942 | I52: 906 | J52: 906 | K52: 876 | L52: 882 | M52: 894 | N52: 912 | O52: 912 | P52: 918 | Q52: 906 | R52: 912 | S52: 918 | T52: 912 | U52: 912 | V52: 930 | W52: 924 | X52: 918 | Y52: 912 | Z52: 912 | AA52: 930 | AB52: 948 | AC52: 966 | AD52: 912 | AE52: 900 | AF52: 942
A53: 23：30 | B53: 870 | C53: 876 | D53: 912 | E53: 936 | F53: 900 | G53: 894 | H53: 918 | I53: 918 | J53: 906 | K53: 870 | L53: 906 | M53: 882 | N53: 918 | O53: 912 | P53: 924 | Q53: 936 | R53: 906 | S53: 918 | T53: 924 | U53: 924 | V53: 942 | W53: 912 | X53: 918 | Y53: 918 | Z53: 912 | AA53: 912 | AB53: 948 | AC53: 972 | AD53: 912 | AE53: 906 | AF53: 942 | AG53: =CONCATENATE(B3,"合計") -> 3月合計
A54: 24：00 | B54: 882 | C54: 876 | D54: 912 | E54: 900 | F54: 876 | G54: 912 | H54: 918 | I54: 906 | J54: 924 | K54: 882 | L54: 900 | M54: 930 | N54: 906 | O54: 918 | P54: 918 | Q54: 918 | R54: 924 | S54: 936 | T54: 900 | U54: 912 | V54: 942 | W54: 924 | X54: 930 | Y54: 900 | Z54: 912 | AA54: 930 | AB54: 960 | AC54: 954 | AD54: 888 | AE54: 912 | AF54: 912
A55: 計 | B55: =SUM(B7:B54) -> 41694 | C55: =SUM(C7:C54) -> 41556 | D55: =SUM(D7:D54) -> 42186 | E55: =SUM(E7:E54) -> 43212 | F55: =SUM(F7:F54) -> 42786 | G55: =SUM(G7:G54) -> 41988 | H55: =SUM(H7:H54) -> 43716 | I55: =SUM(I7:I54) -> 43890 | ... AF55: =SUM(AF7:AF54) -> 44256 | AG55: =SUM(B55:AF55) -> 1329612
A56: 平日昼間（その他季） | B56: =IF(B4="",SUM(B23:B50),0) -> 0 | C56: =IF(C4="",SUM(C23:C50),0) -> 24174 | D56: =IF(D4="",SUM(D23:D50),0) -> 24780 | E56: =IF(E4="",SUM(E23:E50),0) -> 25056 | F56: =IF(F4="",SUM(F23:F50),0) -> 24906 | G56: =IF(G4="",SUM(G23:G50),0) -> 24444 | H56: =IF(H4="",SUM(H23:H50),0) -> 25662 | I56: =IF(I4="",SUM(I23:I50),0) -> 0 | ... AF56: =IF(AF4="",SUM(AF23:AF50),0) -> 25686 | AG56: =SUM(B56:AF56) -> 614676
A57: 夜間及び休日 | B57: =IF(B4="",SUM(B7:B22,B51:B54),SUM(B7:B54)) -> 41694 | C57: =IF(C4="",SUM(C7:C22,C51:C54),SUM(C7:C54)) -> 17382 | D57: =IF(D4="",SUM(D7:D22,D51:D54),SUM(D7:D54)) -> 17406 | E57: =IF(E4="",SUM(E7:E22,E51:E54),SUM(E7:E54)) -> 18156 | F57: =IF(F4="",SUM(F7:F22,F51:F54),SUM(F7:F54)) -> 17880 | G57: =IF(G4="",SUM(G7:G22,G51:G54),SUM(G7:G54)) -> 17544 | H57: =IF(H4="",SUM(H7:H22,H51:H54),SUM(H7:H54)) -> 18054 | I57: =IF(I4="",SUM(I7:I22,I51:I54),SUM(I7:I54)) -> 43890 | ... AF57: =IF(AF4="",SUM(AF7:AF22,AF51:AF54),SUM(AF7:AF54)) -> 18570 | AG57: =SUM(B57:AF57) -> 714936
A59: 平均値 | B59: =AVERAGE(B7:B54) -> 868.625 | C59: =AVERAGE(C7:C54) -> 865.75 | D59: =AVERAGE(D7:D54) -> 878.875 | E59: =AVERAGE(E7:E54) -> 900.25 | F59: =AVERAGE(F7:F54) -> 891.375 | G59: =AVERAGE(G7:G54) -> 874.75 | H59: =AVERAGE(H7:H54) -> 910.75 | I59: =AVERAGE(I7:I54) -> 914.375 | ... AF59: =AVERAGE(AF7:AF54) -> 922
A60: 最大値 | B60: =MAX(B7:B54) -> 894 | C60: =MAX(C7:C54) -> 918 | D60: =MAX(D7:D54) -> 936 | E60: =MAX(E7:E54) -> 972 | F60: =MAX(F7:F54) -> 942 | G60: =MAX(G7:G54) -> 924 | H60: =MAX(H7:H54) -> 960 | I60: =MAX(I7:I54) -> 966 | ... AF60: =MAX(AF7:AF54) -> 972
A61: 最小値 | B61: =MIN(B7:B54) -> 774 | C61: =MIN(C7:C54) -> 750 | D61: =MIN(D7:D54) -> 786 | E61: =MIN(E7:E54) -> 810 | F61: =MIN(F7:F54) -> 810 | G61: =MIN(G7:G54) -> 774 | H61: =MIN(H7:H54) -> 810 | I61: =MIN(I7:I54) -> 822 | ... AF61: =MIN(AF7:AF54) -> 828

Sheet 月別実績
B1: 令和７年度 月別売電実績 | J1: 予算
B3: 月 | C3: 送電電力量（ｋWh) | G3: 売払い料金 | J3: 月 | K3: 送電電力量（ｋWh)
C4: 夏季 平日昼間 | D4: その他季 平日昼間 | E4: 夜間・休日 | F4: 月合計 | G4: 計器用電力量料金 | H4: 合計金額 （税込み） | K4: 夏季 平日昼間 | L4: その他季 平日昼間 | M4: 夜間・休日 | N4: 月合計
A5: 4 | B5: 4 | C5: - | D5: =IF('4月'!AG56=0,月別実績!L5,'4月'!AG56) -> 626796 | E5: =IF('4月'!AG57=0,M5,'4月'!AG57) -> 725736 | F5: =D5+E5 -> 1352532 | H5: =ROUNDDOWN(ROUNDDOWN((D5*$D$22+E5*$D$23+G5),0)*1.1,0) -> 19341207 | I5: ← | J5: 4 | K5: - | L5: 571200 | M5: 667600 | N5: =L5+M5 -> 1238800
A6: 5 | B6: 5 | C6: - | D6: =IF('5月'!AG56=0,月別実績!L6,'5月'!AG56) -> 552756 | E6: =IF('5月'!AG57=0,M6,'5月'!AG57) -> 782934 | F6: =D6+E6 -> 1335690 | H6: =ROUNDDOWN(ROUNDDOWN((D6*$D$22+E6*$D$23),0)*1.1,0) -> 19100367 | I6: 灰色セル | J6: 5 | K6: - | L6: 523600 | M6: 757520 | N6: =L6+M6 -> 1281120
A7: 6 | B7: 6 | C7: - | D7: =IF('6月'!AG56=0,月別実績!L7,'6月'!AG56) -> 607044 | E7: =IF('6月'!AG57=0,M7,'6月'!AG57) -> 660060 | F7: =D7+E7 -> 1267104 | H7: =ROUNDDOWN(ROUNDDOWN((D7*$D$22+E7*$D$23),0)*1.1,0) -> 18119587 | I7: は見込み | J7: 6 | K7: - | L7: 595000 | M7: 643800 | N7: =L7+M7 -> 1238800
A8: 7 | B8: 7 | C8: =IF('7月'!AG56=0,K8,'7月'!AG56) -> 627582 | D8: - | E8: =IF('7月'!AG57=0,M8,'7月'!AG57) -> 684240 | F8: =C8+E8 -> 1311822 | H8: =ROUNDDOWN(ROUNDDOWN((C8*$D$21+E8*$D$23),0)*1.1,0) -> 18759054 | J8: 7 | K8: 618800 | L8: - | M8: 661200 | N8: =K8+M8 -> 1280000
A9: 8 | B9: 8 | C9: =IF('8月'!AG56=0,K9,'8月'!AG56) -> 584124 | D9: - | E9: =IF('8月'!AG57=0,M9,'8月'!AG57) -> 709896 | F9: =C9+E9 -> 1294020 | H9: =ROUNDDOWN(ROUNDDOWN((C9*$D$21+E9*$D$23),0)*1.1,0) -> 18504486 | J9: 8 | K9: 595000 | L9: - | M9: 685560 | N9: =K9+M9 -> 1280560
A10: 9 | B10: 9 | C10: =IF('9月'!AG56=0,K10,'9月'!AG56) -> 586938 | D10: - | E10: =IF('9月'!AG57=0,M10,'9月'!AG57) -> 705846 | F10: =C10+E10 -> 1292784 | H10: =ROUNDDOWN(ROUNDDOWN((C10*$D$21+E10*$D$23),0)*1.1,0) -> 18486811 | J10: 9 | K10: 571200 | L10: - | M10: 667600 | N10: =K10+M10 -> 1238800
B11: 上期 小計 | C11: =SUM(C8:C10) -> 1798644 | D11: =SUM(D5:D7) -> 1786596 | E11: =SUM(E5:E10) -> 4268712 | F11: =SUM(F5:F10) -> 7853952 | H11: =SUM(H5:H10) -> 112311512 | J11: 上期 小計 | K11: =SUM(K8:K10) -> 1785000 | L11: =SUM(L5:L7) -> 1689800 | M11: =SUM(M5:M10) -> 4083280 | N11: =SUM(N5:N10) -> 7558080
A12: 10 | B12: 10 | C12: - | D12: =IF('10月'!AG56=0,月別実績!L12,'10月'!AG56) -> 257304 | E12: =IF('10月'!AG57=0,M12,'10月'!AG57) -> 234858 | F12: =D12+E12 -> 492162 | H12: =ROUNDDOWN(ROUNDDOWN((D12*$D$22+E12*$D$23),0)*1.1,0) -> 7037916 | I12: ← | J12: 10 | K12: - | L12: 222200 | M12: 206360 | N12: =L12+M12 -> 428560
A13: 11 | B13: 11 | C13: - | D13: =IF('11月'!AG56=0,月別実績!L13,'11月'!AG56) -> 623112 | E13: =IF('11月'!AG57=0,M13,'11月'!AG57) -> 790182 | F13: =D13+E13 -> 1413294 | H13: =ROUNDDOWN(ROUNDDOWN((D13*$D$22+E13*$D$23),0)*1.1,0) -> 20210104 | I13: 灰色セル | J13: 11 | K13: - | L13: 547400 | M13: 692520 | N13: =L13+M13 -> 1239920
A14: 12 | B14: 12 | C14: - | D14: =IF('12月'!AG56=0,月別実績!L14,'12月'!AG56) -> 668994 | E14: =IF('12月'!AG57=0,M14,'12月'!AG57) -> 761688 | F14: =D14+E14 -> 1430682 | H14: =ROUNDDOWN(ROUNDDOWN((D14*$D$22+E14*$D$23),0)*1.1,0) -> 20458752 | I14: は見込み | J14: 12 | K14: - | L14: 595000 | M14: 685560 | N14: =L14+M14 -> 1280560
A15: 13 | B15: 1 | C15: - | D15: =IF('1月'!AG56=0,月別実績!L15,'1月'!AG56) -> 598866 | E15: =IF('1月'!AG57=0,M15,'1月'!AG57) -> 794250 | F15: =D15+E15 -> 1393116 | H15: =ROUNDDOWN(ROUNDDOWN((D15*$D$22+E15*$D$23),0)*1.1,0) -> 19921558 | J15: 1 | K15: - | L15: 547400 | M15: 734280 | N15: =L15+M15 -> 1281680
A16: 14 | B16: 2 | C16: - | D16: =IF('2月'!AG56=0,月別実績!L16,'2月'!AG56) -> 562638 | E16: =IF('2月'!AG57=0,M16,'2月'!AG57) -> 685962 | F16: =D16+E16 -> 1248600 | H16: =ROUNDDOWN(ROUNDDOWN((D16*$D$22+E16*$D$23),0)*1.1,0) -> 17854980 | J16: 2 | K16: - | L16: 523600 | M16: 633360 | N16: =L16+M16 -> 1156960
A17: 15 | B17: 3 | C17: - | D17: =IF('3月'!AG56=0,月別実績!L17,'3月'!AG56) -> 614676 | E17: =IF('3月'!AG57=0,M17,'3月'!AG57) -> 714936 | F17: =D17+E17 -> 1329612 | H17: =ROUNDDOWN(ROUNDDOWN((D17*$D$22+E17*$D$23),0)*1.1,0) -> 19013451 | J17: 3 | K17: - | L17: 595000 | M17: 685560 | N17: =L17+M17 -> 1280560
B18: 合計 | C18: =C11 -> 1798644 | D18: =SUM(D11:D17) -> 5112186 | E18: =SUM(E11:E17) -> 8250588 | F18: =SUM(F11:F17) -> 15161418 | H18: =SUM(H11:H17) -> 216808273 | J18: 合計 | K18: =K11 -> 1785000 | L18: =SUM(L11:L17) -> 4720400 | M18: =SUM(M11:M17) -> 7720920 | N18: =SUM(N11:N17) -> 14226320
G19: 年度計 | H19: =H18+H24 -> 216808273
C20: 売電単価(税抜き)
C21: 夏季平日昼間 | D21: 13 | G21: 当初予算 | H21: 203436000
C22: その他季平日昼間 | D22: 13 | G22: 執行率 | H22: =H19/H21 -> 1.0657321
C23: 夜間・休日 | D23: 13
B27: ※ | C27: 夏季 ： ７月１日から９月３０日
C28: その他季： ４月１日から６月３０日、および１０月１日から翌年３月３１日まで
C29: 休日 ： 日曜日、国民の祝日に関する法律に規定する休日、１月２日、 １月３日、４月３０日、５月１日、５月２日、１２月３０日、１２月３１日
C30: 平日 ： 休日を除く日
C31: 昼間 ： ８時から２２時まで
C32: 夜間 ： 昼間を除く時間帯

Sheet 納入通知書
AG1: 年 | AH1: 日付 | AI1: 曜日 | AJ1: 祝日名 | AK1: 振替休日 | AL1: 備考 | AM1: =COUNT(AH$2:AH$1048576,AK$2:AK$1048576) -> 22 | AN1: =IF(AM$1<ROW(),"",SMALL((AH:AH,AK:AK),ROW())) -> 45658 | AO1: =WORKDAY(AN1,-1,AN1:AN25) -> 45657
A2: 文書発出日 | E2: 令和 | G2: 7 | I2: 年 | J2: 5 | M2: 10 | O2: 日 | Q2: 文書番号 | T2: 第 | Y2: 号 | AA2: 計器用 電力量料金 | AD2: あり | AG2: =G2+2018 -> 2025 | AH2: =IF(AG2="","",DATE(AG2,1,1)) -> 45658 | AI2: =TEXT(AH2&"","aaa") -> 水 | AJ2: 元日 | AK2: =IF(AH2="","",IF(AI2="日",LOOKUP(1,0/(AH2+ROW($1:$6)-1=AH2:AH8),AQ16)+1, IF(AH2+2=AH3,AH2+1,""))) | AL2: 年始休み | AN2: =IF(AM$1<ROW(),AN1,SMALL((AH:AH,AK:AK),ROW())) -> 45659 | AO2: =WORKDAY.INTL(AJ$25+1,-1,1,AN$2:AN$22) -> 45807
AH3: =IF(AG2="","",DATE(AG2,1,2)) -> 45659 | AK3: =IF(AH3="","",IF(AI3="日",LOOKUP(1,0/(AH3+ROW($1:$6)-1=AH3:AH9),AH3:AH9)+1, IF(AH3+2=AH4,AH3+1,""))) | AL3: 年始休み | AN3: =IF(AM$1<ROW(),AN2,SMALL((AH:AH,AK:AK),ROW())) -> 45660 | AO3: =WORKDAY.INTL(AJ$25+1,-1,1,AN$2:AN$22) -> 45807
AH4: =IF(AG2="","",DATE(AG2,1,3)) -> 45660 | AK4: =IF(AH4="","",IF(AI4="日",LOOKUP(1,0/(AH4+ROW($1:$6)-1=AH4:AH10),AH4:AH10)+1, IF(AH4+2=AH5,AH4+1,""))) | AL4: 年始休み | AN4: =IF(AM$1<ROW(),AN3,SMALL((AH:AH,AK:AK),ROW())) -> 45670 | AO4: =WORKDAY.INTL(AJ$25+1,-1,1,AN$2:AN$22) -> 45807
W5: =DBCS(CONCATENATE("春廃発第",U2,"号")) -> 春廃発第号 | AH5: =IF(AG2="","",DATE(AG2,1,14)-WEEKDAY(DATE(AG2,1,14),3)) -> 45670 | AI5: =TEXT(AH5&"","aaa") -> 月 | AJ5: 成人の日 | AK5: =IF(AH5="","",IF(AI5="日",LOOKUP(1,0/(AH5+ROW($1:$6)-1=AH5:AH11),AH5:AH11)+1, IF(AH5+2=AH6,AH5+1,""))) | AL5: ="1月第2月曜" -> 1月第2月曜 | AN5: =IF(AM$1<ROW(),AN4,SMALL((AH:AH,AK:AK),ROW())) -> 45699 | AO5: =WORKDAY.INTL(AJ$25+1,-1,1,AN$2:AN$22) -> 45807
W6: =DBCS(CONCATENATE("令和",G2,"年",J2,"月",M2,"日")) -> 令和７年５月１０日 | AH6: =IF(AG2="","",DATE(AG2,2,11)) -> 45699 | AI6: =TEXT(AH6&"","aaa") -> 火 | AJ6: 建国記念の日 | AK6: =IF(AH6="","",IF(AI6="日",LOOKUP(1,0/(AH6+ROW($1:$6)-1=AH6:AH12),AH6:AH12)+1, IF(AH6+2=AH7,AH6+1,""))) | AN6: =IF(AM$1<ROW(),AN5,SMALL((AH:AH,AK:AK),ROW())) -> 45711 | AO6: =WORKDAY.INTL(AJ$25+1,-1,1,AN$2:AN$22) -> 45807
AH7: =IF(AG2="","",DATE(AG2,2,23)) -> 45711 | AI7: =TEXT(AH7&"","aaa") -> 日 | AJ7: 天皇誕生日 | AK7: =IF(AH7="","",IF(AI7="日",LOOKUP(1,0/(AH7+ROW($1:$6)-1=AH7:AH13),AH7:AH13)+1, IF(AH7+2=AH8,AH7+1,""))) -> 45712 | AN7: =IF(AM$1<ROW(),AN6,SMALL((AH:AH,AK:AK),ROW())) -> 45712 | AO7: =WORKDAY.INTL(AJ$25+1,-1,1,AN$2:AN$22) -> 45807
B8: 丸紅新電力株式会社 様 | AH8: =IF(AG2="","",DATE(AG2,3,23)-MATCH(AG2,CHOOSE(MOD(AG2,4)+1, {0,1900,1960,2092},{0,1901,1993},{0,1902,2026},{1903,1927,2059}))) -> 45736 | AI8: =TEXT(AH8&"","aaa") -> 木 | AJ8: 春分の日 | AK8: =IF(AH8="","",IF(AI8="日",LOOKUP(1,0/(AH8+ROW($1:$6)-1=AH8:AH14),AH8:AH14)+1, IF(AH8+2=AH9,AH8+1,""))) | AL8: 春分 | AN8: =IF(AM$1<ROW(),AN7,SMALL((AH:AH,AK:AK),ROW())) -> 45736 | AO8: =WORKDAY.INTL(AJ$25+1,-1,1,AN$2:AN$22) -> 45807
AH9: =IF(AG2="","",DATE(AG2,4,29)) -> 45776 | AI9: =TEXT(AH9&"","aaa") -> 火 | AJ9: 昭和の日 | AK9: =IF(AH9="","",IF(AI9="日",LOOKUP(1,0/(AH9+ROW($1:$6)-1=AH9:AH15),AH9:AH15)+1, IF(AH9+2=AH10,AH9+1,""))) | AN9: =IF(AM$1<ROW(),AN8,SMALL((AH:AH,AK:AK),ROW())) -> 45776 | AO9: =WORKDAY.INTL(AJ$25+1,-1,1,AN$2:AN$22) -> 45807
AB10: 春日部市長 岩 谷 一 弘 | AH10: =IF(AG2="","",DATE(AG2,5,3)) -> 45780 | AI10: =TEXT(AH10&"","aaa") -> 土 | AJ10: 憲法記念日 | AK10: =IF(AH10="","",IF(AI10="日",LOOKUP(1,0/(AH10+ROW($1:$6)-1=AH10:AH16),AH10:AH16)+1, IF(AH10+2=AH11,AH10+1,""))) | AN10: =IF(AM$1<ROW(),AN9,SMALL((AH:AH,AK:AK),ROW())) -> 45780 | AO10: =WORKDAY.INTL(AJ$25+1,-1,1,AN$2:AN$22) -> 45807
AH11: =IF(AG2="","",DATE(AG2,5,4)) -> 45781 | AI11: =TEXT(AH11&"","aaa") -> 日 | AJ11: みどりの日 | AK11: =IF(AH11="","",IF(AI11="日",LOOKUP(1,0/(AH11+ROW($1:$6)-1=AH11:AH17),AH11:AH17)+1, IF(AH11+2=AH12,AH11+1,""))) -> 45783 | AN11: =IF(AM$1<ROW(),AN10,SMALL((AH:AH,AK:AK),ROW())) -> 45781 | AO11: =WORKDAY.INTL(AJ$25+1,-1,1,AN$2:AN$22) -> 45807
AH12: =IF(AG2="","",DATE(AG2,5,5)) -> 45782 | AI12: =TEXT(AH12&"","aaa") -> 月 | AJ12: こどもの日 | AK12: =IF(AH12="","",IF(AI12="日",LOOKUP(1,0/(AH12+ROW($1:$6)-1=AH12:AH18),AH12:AH18)+1, IF(AH12+2=AH13,AH12+1,""))) | AN12: =IF(AM$1<ROW(),AN11,SMALL((AH:AH,AK:AK),ROW())) -> 45782 | AO12: =WORKDAY.INTL(AJ$25+1,-1,1,AN$2:AN$22) -> 45807
AH13: =IF(AG2="","",DATE(AG2,7,21)-WEEKDAY(DATE(AG2,7,21),3)) -> 45859 | AI13: =TEXT(AH13&"","aaa") -> 月 | AJ13: 海の日 | AK13: =IF(AH13="","",IF(AI13="日",LOOKUP(1,0/(AH13+ROW($1:$6)-1=AH13:AH19),AH13:AH19)+1, IF(AH13+2=AH14,AH13+1,""))) | AL13: ="7月第3月曜" -> 7月第3月曜 | AN13: =IF(AM$1<ROW(),AN12,SMALL((AH:AH,AK:AK),ROW())) -> 45783 | AO13: =WORKDAY.INTL(AJ$25+1,-1,1,AN$2:AN$22) -> 45807
C14: 電力量料金の納入について（通知） | AH14: =IF(AG2="","",DATE(AG2,8,11)) -> 45880 | AI14: =TEXT(AH14&"","aaa") -> 月 | AJ14: 山の日 | AK14: =IF(AH14="","",IF(AI14="日",LOOKUP(1,0/(AH14+ROW($1:$6)-1=AH14:AH20),AH14:AH20)+1, IF(AH14+2=AH15,AH14+1,""))) | AN14: =IF(AM$1<ROW(),AN13,SMALL((AH:AH,AK:AK),ROW())) -> 45859 | AO14: =WORKDAY.INTL(AJ$25+1,-1,1,AN$2:AN$22) -> 45807
AH15: =IF(AG2="","",DATE(AG2,9,21)-WEEKDAY(DATE(AG2,9,21),3)) -> 45915 | AI15: =TEXT(AH15&"","aaa") -> 月 | AJ15: 敬老の日 | AK15: =IF(AH15="","",IF(AI15="日",LOOKUP(1,0/(AH15+ROW($1:$6)-1=AH15:AH21),AH15:AH21)+1, IF(AH15+2=AH16,AH15+1,""))) | AL15: ="9月第3月曜" -> 9月第3月曜 | AN15: =IF(AM$1<ROW(),AN14,SMALL((AH:AH,AK:AK),ROW())) -> 45880 | AO15: =WORKDAY.INTL(AJ$25+1,-1,1,AN$2:AN$22) -> 45807
B16: このことについて、下記のとおり春日部市環境センター余剰電力売払の料金を請求いたしますので、納入期限までに納入くださいますようお願いいたします。 | AH16: =IF(AG2="","",DATE(AG2,9,25)-MATCH(AG2,CHOOSE(MOD(AG2,4)+1, {0,1900,2012},{1901,1921,2045},{1902,1950,2078},{1903,1983}))) -> 45923 | AI16: =TEXT(AH16&"","aaa") -> 火 | AJ16: 秋分の日 | AK16: =IF(AH16="","",IF(AI16="日",LOOKUP(1,0/(AH16+ROW($1:$6)-1=AH16:AH22),AH16:AH22)+1, IF(AH16+2=AH17,AH16+1,""))) | AL16: 秋分 | AN16: =IF(AM$1<ROW(),AN15,SMALL((AH:AH,AK:AK),ROW())) -> 45915
AH17: =IF(AG2="","",DATE(AG2,10,14)-WEEKDAY(DATE(AG2,10,14),3)) -> 45943 | AI17: =TEXT(AH17&"","aaa") -> 月 | AJ17: 体育の日 | AK17: =IF(AH17="","",IF(AI17="日",LOOKUP(1,0/(AH17+ROW($1:$6)-1=AH17:AH23),AH17:AH23)+1, IF(AH17+2=AH18,AH17+1,""))) | AL17: ="10月第2月曜" -> 10月第2月曜 | AN17: =IF(AM$1<ROW(),AN16,SMALL((AH:AH,AK:AK),ROW())) -> 45923
AH18: =IF(AG2="","",DATE(AG2,11,3)) -> 45964 | AI18: =TEXT(AH18&"","aaa") -> 月 | AJ18: 文化の日 | AK18: =IF(AH18="","",IF(AI18="日",LOOKUP(1,0/(AH18+ROW($1:$6)-1=AH18:AH24),AH18:AH24)+1, IF(AH18+2=AH19,AH18+1,""))) | AN18: =IF(AM$1<ROW(),AN17,SMALL((AH:AH,AK:AK),ROW())) -> 45943
B19: 記 | AH19: =IF(AG2="","",DATE(AG2,11,23)) -> 45984 | AI19: =TEXT(AH19&"","aaa") -> 日 | AJ19: 勤労感謝の日 | AK19: =IF(AH19="","",IF(AI19="日",LOOKUP(1,0/(AH19+ROW($1:$6)-1=AH19:AH25),AH19:AH25)+1, IF(AH19+2=AH20,AH19+1,""))) -> 45985 | AN19: =IF(AM$1<ROW(),AN18,SMALL((AH:AH,AK:AK),ROW())) -> 45964
AN20: =IF(AM$1<ROW(),AN19,SMALL((AH:AH,AK:AK),ROW())) -> 45984
B21: 1 | D21: 振込金融機関名 | J21: 埼玉りそな銀行 春日部支店 普通 ３０１１９ | AH21: =IF(AG2="","",DATE(AG2,12,31)) -> 46022 | AI21: =TEXT(AH21&"","aaa") -> 水 | AK21: =IF(AH21="","",IF(AI21="日",LOOKUP(1,0/(AH21+ROW($1:$6)-1=AH21:AH27),AH21:AH27)+1, IF(AH21+2=AH22,AH21+1,""))) | AL21: 年末休み | AN21: =IF(AM$1<ROW(),AN20,SMALL((AH:AH,AK:AK),ROW())) -> 45985
D22: 及び口座番号 | AG22: ↑銀行の休業日一覧 | AN22: =IF(AM$1<ROW(),AN21,SMALL((AH:AH,AK:AK),ROW())) -> 46022
AN23: =IF(AM$1<ROW(),AN22,SMALL((AH:AH,AK:AK),ROW())) -> 46022
AN24: =IF(AM$1<ROW(),AN23,SMALL((AH:AH,AK:AK),ROW())) -> 46022
B25: 2 | D25: 口座名義 | J25: さいたまけん かすかべし かいけいかんりしゃ | AI25: 月末 | AJ25: =DATE(AG2,J2+1,0) -> 45808 | AN25: =IF(AM$1<ROW(),AN24,SMALL((AH:AH,AK:AK),ROW())) -> 46022
J26: 埼玉県 春日部市 会計管理者 | AN26: =IF(AM$1<ROW(),AN25,SMALL((AH:AH,AK:AK),ROW())) -> 46022
AN27: =IF(AM$1<ROW(),AN26,SMALL((AH:AH,AK:AK),ROW())) -> 46022
AN28: =IF(AM$1<ROW(),AN27,SMALL((AH:AH,AK:AK),ROW())) -> 46022
B29: 3 | D29: 請求額 | J29: 金 | K29: =(S34+S41) -> 19341207 | O29: 円（税込み、適用税率１０％） | AN29: =IF(AM$1<ROW(),AN28,SMALL((AH:AH,AK:AK),ROW())) -> 46022
AN30: =IF(AM$1<ROW(),AN29,SMALL((AH:AH,AK:AK),ROW())) -> 46022
B32: 4 | D32: 請求内訳
D33: ・ | E33: 算定期間 | I33: =DBCS(CONCATENATE("令和",IF(J2=1,G2-1,G2),"年",IF(J2=1,12,IF(AND(J2=3,M2=31),J2,J2-1)),"月分")) -> 令和７年４月分 | O33: =CONCATENATE(TEXT(DATE(G2+118,J2-1,1),"（ggge年m月ｄ日"),"から",TEXT(DATE(G2+118,J2,1)-1,"ggge年m月ｄ日"),"まで）") -> (令和7年4月1日から令和7年4月30日まで）
D34: ・ | E34: 電力量料金 | I34: （１０％適用対象） | R34: 税抜き 小計〔 | S34: =ROUNDDOWN(SUM(J35,L40),0) -> 17582916 | X34: 円〕
F35: =IF(AND(J2=5,AD2="あり"),"①売払電力量料金","売払電力量料金") -> ①売払電力量料金 | J35: =SUM(X37:AA39) -> 17582916 | N35: 円、 売払電力量 | R35: =SUM(S37:T39) -> 1352532 | U35: kwh
N36: 単価 | S36: 数量 | V36: 各時間帯区分の売払電力量料金
H37: 夏季平日昼間 | L37: 〔 | M37: 13 | O37: 円/kwh〕×〔 | S37: =IF(OR(J2=8,J2=9,J2=10),VLOOKUP(J2-1,月別実績!A5:E17,3),"－ ") -> － | U37: kwh〕＝〔 | X37: =IF(OR(J2=8,J2=9,J2=10),(M37*S37),"－ ") -> － | AB37: 円〕
H38: その他季平日昼間 | L38: 〔 | M38: 13 | O38: 円/kwh〕×〔 | S38: =IF(OR(J2=8,J2=9,J2=10),"－ ",IF(J2<5,VLOOKUP(J2+11,月別実績!A5:E17,4),VLOOKUP(J2-1,月別実績!A5:E17,4))) -> 626796 | U38: kwh〕＝〔 | X38: =IF(OR(J2=8,J2=9,J2=10),"－ ",(M38*S38)) -> 8148348 | AB38: 円〕
H39: 夜間・休日 | L39: 〔 | M39: 13 | O39: 円/kwh〕×〔 | S39: =IF(J2<5,VLOOKUP(J2+11,月別実績!A5:E17,5),VLOOKUP(J2-1,月別実績!A5:E17,5)) -> 725736 | U39: kwh〕＝〔 | X39: =M39*S39 -> 9434568 | AB39: 円〕
F40: =IF(AD2="なし","",IF(J2=5,"②計器用電力量料金","")) -> ②計器用電力量料金 | L40: =IF(AD2="なし","",IF(J2=5,月別実績!G5,"")) -> 0 | N40: =IF(AD2="なし","",IF(J2=5,"円 （別紙「計器用電力量料金算定表」参照）","")) -> 円 （別紙「計器用電力量料金算定表」参照） | AL40: なし
D41: ・ | E41: 消費税額 | I41: （適用税率１０％） | R41: 消費税 小計〔 | S41: =ROUNDDOWN(S34*0.1,0) -> 1758291 | X41: 円〕 | AL41: あり
D42: ・ | E42: 合計額 | R42: 税込み 合計〔 | S42: =S34+S41 -> 19341207 | X42: 円〕
B45: 5 | D45: 納入期限 | H45: =WORKDAY.INTL(AJ$25+1,-1,1,AN1:AN30) -> 45807 | AG45: ←#VALUE! または 休業日 が表示される場合は、関数の［祭日］の対象範囲にAN列の日付表示されている全範囲を指定する
E46: 記載の納入期限が金融機関の休業日の場合は、その前営業日までに納入してください。金融機関の休業日はあらかじめご確認をお願いします。
U50: お問い合わせ
AE51: 春日部市 廃棄物対策課 施設管理担当
AE52: 電 話 ０４８-７３４-２１３４
AE53: ＦＡＸ ０４８-７３４-２４５５
D55: （ 適格請求書発行事業者登録番号：T4000020112143 ）
